Workbook
Name \0: #REF!
Name \0: #REF!
Name \A: #REF!
Name \A: #REF!
Name \B: #REF!
Name \B: #REF!
Name \C: #REF!
Name \CA: #REF!
Name \CO: #REF!
Name \D: #REF!
Name \E: #REF!
Name \F: #REF!
Name \G: #REF!
Name \h: #REF!
Name \K: #REF!
Name \m: #REF!
Name \N: #REF!
Name \P: #REF!
Name \Q: '[1]6.0 ESTIMATE IMPROVEMENT COSTS'!#REF!
Name \r: #REF!
Name \s: #REF!
Name \t: #REF!
Name \u: #REF!
Name \W: #REF!
Name \X: #REF!
Name \y: #REF!
Name _______________SEC1200: #REF!
Name _____________T2: '[2]Estimate Warehouse'!#REF!
Name ____________T2: '[2]Estimate Warehouse'!#REF!
Name ___________T2: '[2]Estimate Warehouse'!#REF!
Name __________T2: '[2]Estimate Warehouse'!#REF!
Name _______RoE1: [3]RoE!$A$4:$D$8
Name _______T2: '[2]Estimate Warehouse'!#REF!
Name ______RoE1: [3]RoE!$A$4:$D$8
Name ______T2: '[2]Estimate Warehouse'!#REF!
Name _____Int1: #REF!
Name _____Int2: #REF!
Name _____RoE1: [3]RoE!$A$4:$D$8
Name _____T2: '[2]Estimate Warehouse'!#REF!
Name ____Int1: #REF!
Name ____Int2: #REF!
Name ____PC1: #REF!
Name ____RoE1: [3]RoE!$A$4:$D$8
Name ____T2: '[2]Estimate Warehouse'!#REF!
Name ___aux10: #REF!
Name ___aux3: #REF!
Name ___aux5: #REF!
Name ___aux7: #REF!
Name ___CAT07: [4]Equip!#REF!
Name ___CAT12: [4]Equip!#REF!
Name ___CAT21: [4]Equip!#REF!
Name ___CAT22: [4]Equip!#REF!
Name ___CAT31: [4]Equip!#REF!
Name ___CAT33: [4]Equip!#REF!
Name ___CAT34: [4]Equip!#REF!
Name ___CAT35: [4]Equip!#REF!
Name ___CAT36: [4]Equip!#REF!
Name ___CAT39: [4]Equip!#REF!
Name ___CAT42: [4]Equip!#REF!
Name ___CAT43: [4]Equip!#REF!

Sheet COVER
B42: Document Created By :

Sheet SECURITY OFFICE BUILDING
J1: REFURBISHMENT OF TRAIN STATIONS FOR PRASA SUB CORRIDOR 1
J2: NGR/CRES/13/2021
J4: CENTURION STATION (SECURITY OFFICE)
A5: PAGE NO | B5: SEC NO | C5: BILL NO | D5: ITEM NO | E5: DESCRIPTION | F5: LOCAL CONTENT THRESHOLD | G5: UNIT | H5: QUANTITY | I5: RATE | J5: AMOUNT
F6: 1
A7: 4 | B7: 2 | C7: 3 | E7: SECTION NO. 2 | G7: H2
A9: 4 | B9: 2 | C9: 3 | E9: BILL NO. 3 | G9: H2
A11: 4 | B11: 2 | C11: 3 | E11: ROOF COVERING | G11: H2
A13: 4 | B13: 2 | C13: 3 | E13: PREAMBLES | G13: H2
A15: 4 | B15: 2 | C15: 3 | E15: Tenderers are to refer to the Model Preambles for Trades (Latest Edition) and Supplementary Preambles for further description and amplification of work in this section
A17: 4 | B17: 2 | C17: 3 | E17: SUPPLEMENTARY PREAMBLES
G18: H2
A19: 4 | B19: 2 | C19: 3 | E19: Notes: 1.Tenderers are advised to study the Prasa Norms, Guidelines and Standards (NGS) for Station Facilities and Part B of the Prasa Specifications before pricing this bill
A21: 4 | B21: 2 | C21: 3 | E21: Straight cutting
A23: 4 | B23: 2 | C23: 3 | E23: Descriptions of all roof coverings are deemed to include for all straight cutting
A25: 4 | B25: 2 | C25: 3 | E25: PROFILED METAL SHEETING AND ACCESSORIES
A27: 4 | B27: 2 | C27: 3 | E27: Where roof coverings are fixed on top of rigid board insulation to purlins etc, descriptions of roof coverings shall include therefore:
G28: H2
A30: 4 | B30: 2 | C30: 3 | E30: PROFILED SHEETING OF METAL, FIBRE-CEMENT, PLASTICS, ETC. | G30: H2
A32: 4 | B32: 2 | C32: 3 | E32: Heto Roofing Solutions, equivalent or approved by the PM. 0,53mm thick Clean COLORBOND AZ150 Colonial Green finish top coat and grey backing coat roll top ridge capping, size 600 x 2450mm long, sealed with continuous moulded poly closure strips. Ridging to have minimum 150mm sealed end laps and fixed through broad flute aluminium closures at every crest with main fastening system (elsewhere specified). | G32: H3
A34: 4 | B34: 2 | C34: 3 | D34: 1 | E34: Roof coverings, etc. | F34: 100% Steel Products | G34: m2 | H34: 22.5 | J34: =H34*I34 -> 0
A36: 4 | B36: 2 | C36: 3 | E36: Flashings, etc.: | G36: H3
A38: 4 | B38: 2 | C38: 3 | D38: 3 | E38: flashing. | F38: 100% Steel Products | G38: m | H38: 68 | J38: =H38*I38 -> 0
A41: 4 | B41: 2 | C41: 3 | E41: ="TOTAL "& E11 -> TOTAL ROOF COVERING | J41: =SUM(J11:J40) -> 0
A43: 5 | B43: 2 | C43: 6 | E43: SECTION NO. 2 | G43: H2
A45: 5 | B45: 2 | C45: 6 | E45: BILL NO. 6 | G45: H2
A47: 5 | B47: 2 | C47: 6 | E47: IRONMONGERY | G47: H2
A49: 5 | B49: 2 | C49: 6 | E49: PREAMBLES
A51: 5 | B51: 2 | C51: 6 | E51: Tenderers are to refer to the Model Preambles for Trades (Latest Edition) and Supplementary Preambles for further description and amplification of work in this section
A53: 6 | B53: 2 | C53: 6 | E53: SUPPLEMENTARY PREAMBLES
A55: 6 | B55: 2 | C55: 6 | E55: Notes: 1.Tenderers are advised to study the Prasa Norms, Guidelines and Standards (NGS) for Station Facilities and Part B of the Prasa Specifications before pricing this bill
A57: 6 | B57: 2 | C57: 6 | E57: Finishes to ironmongery
A59: 6 | B59: 2 | C59: 6 | E59: Where applicable finishes to ironmongery are indicated by suffixes in accordance with the following list: BS Satin bronze lacquered CH Chromium plated SC Satin chromium plated SE Silver enamelled GE Grey enamelled AS Anodised silver AB Anodised bronze AG
A62: 6 | B62: 2 | C62: 6 | E62: HINGES, BOLTS, ETC. | G62: H2
A64: 6 | B64: 2 | C64: 6 | E64: Stainless steel: | G64: H3
A66: 6 | B66: 2 | C66: 6 | D66: 1 | E66: 100mm Butt hinges. | F66: 100% Steel Products | G66: No | H66: 4 | J66: =H66*I66 -> 0
A68: 6 | B68: 2 | C68: 6 | E68: LOCKS | G68: H2
A70: 6 | B70: 2 | C70: 6 | E70: Stainless steel: | G70: H3
A72: 6 | B72: 2 | C72: 6 | D72: 2 | E72: Dorma D036S, equivalent or approved by the PM. cylinder sash lock with stainless steel forend. | F72: =F66 -> 100% Steel Products | G72: No | H72: 4 | J72: =H72*I72 -> 0
A74: 6 | B74: 2 | C74: 6 | D74: 3 | E74: "Dorma D035S, equivalent or approved by the PM. wc indicator cylinder sash lock with stainless steel forend and ""Dorma DWC-115"", equivalent or approved by the PM. indicator." | F74: =F72 -> 100% Steel Products | G74: No | H74: 1 | J74: =H74*I74 -> 0
A76: 6 | B76: 2 | C76: 6 | E76: HANDLES | G76: H2
A78: 6 | B78: 2 | C78: 6 | E78: Natural Anodised Aluminium: | G78: H3
A80: 6 | B80: 2 | C80: 6 | D80: 4 | E80: """DORMA SH815"", equivalent or approved by the PM. Lever handle with rose." | F80: =F74 -> 100% Steel Products | G80: No | H80: 4 | J80: =H80*I80 -> 0
A82: 6 | B82: 2 | C82: 6 | D82: 5 | E82: "Dorma TH120/BP, equivalent or approved by the PM. tubular spring loaded pull handle on and including ""Dorma TH120/BP"", equivalent or approved by the PM. cylinder backplate." | F82: =F80 -> 100% Steel Products | G82: No | H82: 1 | J82: =H82*I82 -> 0
A84: 6 | B84: 2 | C84: 6 | E84: DOOR CLOSERS | G84: H2
A86: 6 | B86: 2 | C86: 6 | D86: 6 | E86: Standard overhead door closer in accordance with SABS 1510 with adjustable closing force strength 2-4, adjustable arm, etc. | F86: =F74 -> 100% Steel Products | G86: No | H86: 4 | J86: =H86*I86 -> 0
A88: 6 | B88: 2 | C88: 6 | E88: SIGNAGE | G88: H2
A90: 6 | B90: 2 | C90: 6 | D90: 7 | E90: "Dorma DSS-130, equivalent or approved by the PM. 150 x 150 x 3mm thick stainless steel pictogram sign with ""Toilet"" | F90: =F86 -> 100% Steel Products | G90: No | H90: 4 | J90: =H90*I90 -> 0
A92: 6
A93: 6 | B93: 2 | C93: 6 | E93: BATHROOM FITTINGS | G93: H2
A95: 6 | B95: 2 | C95: 6 | D95: 10 | E95: Franke HF2400HD, equivalent or approved by the PM. 1,2/1,5mm thick satin finished stainless steel automatic hands free hand dryer (Code: 2500001), size 280 x 207 x 245mm high with 2 vandal proof lock screws and key wrench, plugged and screwed to the wall with stainless steel screws, 200 W motor connected to 230/240 volt power supply. With 5 year warranty. | F95: =F90 -> 100% Steel Products | G95: No | H95: 1 | J95: =H95*I95 -> 0
A97: 6 | B97: 2 | C97: 6 | D97: 11 | E97: MR2 Stainless Steel Toilet Tissue Dispenser stainless steel (Code: SA426130), overall size 130 x 135 x 256mm high, installed by a Kimberly Clark®, equivalent or approved by the PM. installation team. | F97: =F95 -> 100% Steel Products | G97: No | H97: 1 | J97: =H97*I97 -> 0
A99: 6 | B99: 2 | C99: 6 | E99: SUNDRIES | G99: H2
A101: 6 | B101: 2 | C101: 6 | D101: 12 | E101: Floor mounted door stop. | F101: =F97 -> 100% Steel Products | G101: No | H101: 4 | J101: =H101*I101 -> 0
A104: 6 | B104: 2 | C104: 6 | E104: ="TOTAL "& E47 -> TOTAL IRONMONGERY | J104: =SUM(J47:J103) -> 0
A106: 6 | B106: 2 | C106: 7 | E106: SECTION NO. 2 | G106: H2
A108: 6 | B108: 2 | C108: 7 | E108: BILL NO. 7 | G108: H2
A110: 6 | B110: 2 | C110: 7 | E110: METALWORK | G110: H2
A112: 6 | B112: 2 | C112: 7 | E112: PREAMBLES
A114: 6 | B114: 2 | C114: 7 | E114: Tenderers are to refer to the Model Preambles for Trades (Latest Edition) and Supplementary Preambles for further description and amplification of work in this section
A116: 6 | B116: 2 | C116: 7 | E116: SUPPLEMENTARY PREAMBLES
A118: 6 | B118: 2 | C118: 7 | E118: Notes: 1.Tenderers are advised to study the Prasa Norms, Guidelines and Standards (NGS) for Station Facilities and Part B of the Prasa Specifications before pricing this bill
G119: H2
A120: 6 | B120: 2 | C120: 7 | E120: Descriptions of bolts shall be deemed to include nuts and washers Descriptions of expansion anchors and bolts and chemical anchors and bolts shall be deemed to include nuts, washers and mortices in brickwork or concrete Metalwork described as "holed for bolt(s)" shall be deemed to exclude the bolts unless otherwise described
A122: 6 | B122: 2 | C122: 7 | E122: PRESSED STEEL DOOR FRAMES | G122: H2
A124: 7 | B124: 2 | C124: 7 | E124: 1,6mm Thick Single rebated frames suitable for half brick walls complete with hoop iron anchors welded to frame, one adjustable stainless steel striking plate suitable for cylinder locks, three rubber shock absorbers in rebate and one pair of 100mm standard heavy duty brass butt hinges welded to frame: | G124: H3
A126: 7 | B126: 2 | C126: 7 | D126: 1 | E126: Frame for door size 813 x 2032mm high. | F126: 100% Steel Products | G126: No | H126: 2 | J126: =H126*I126 -> 0
A128: 7 | B128: 2 | C128: 7 | E128: 1,6mm Thick Single rebated frames suitable for one brick walls complete with hoop iron anchors welded to frame, one adjustable stainless steel striking plate suitable for cylinder locks, three rubber shock absorbers in rebate and one pair of 100mm standard heavy duty brass butt hinges welded to frame: | G128: H3
A130: 7 | B130: 2 | C130: 7 | D130: 2 | E130: Frame for door size 813 x 2032mm high. | F130: =F126 -> 100% Steel Products | G130: No | H130: 2 | J130: =H130*I130 -> 0
A132: 7 | B132: 2 | C132: 7 | E132: STEEL WINDOWS | G132: H2
A134: 7 | B134: 2 | C134: 7 | E134: Standard residential type steel windows with burglar bars to fixed and opening sections: | G134: H3
A136: 7 | B136: 2 | C136: 7 | D136: 3 | E136: Steel windows with burglar bars | F136: =F130 -> 100% Steel Products | G136: No | H136: 5 | J136: =H136*I136 -> 0
A139: 7 | B139: 2 | C139: 7 | E139: ="TOTAL "& E110 -> TOTAL METALWORK | J139: =SUM(J110:J138) -> 0
A141: 7 | B141: 2 | C141: 9 | E141: SECTION NO. 2 | G141: H2
A143: 7 | B143: 2 | C143: 9 | E143: BILL NO. 9 | G143: H2
A145: 7 | B145: 2 | C145: 9 | E145: TILING | G145: H2
A147: 7 | B147: 2 | C147: 9 | E147: PREAMBLES
A149: 7 | B149: 2 | C149: 9 | E149: Tenderers are to refer to the Model Preambles for Trades (Latest Edition) and Supplementary Preambles for further description and amplification of work in this section
A151: 8 | B151: 2 | C151: 9 | E151: SUPPLEMENTARY PREAMBLES
A153: 8 | B153: 2 | C153: 9 | E153: Notes: 1.Tenderers are advised to study the Prasa Norms, Guidelines and Standards (NGS) for Station Facilities and Part B of the Prasa Specifications before pricing this bill
A155: 8 | B155: 2 | C155: 9 | E155: Descriptions Unless described as "fixed with adhesive to plaster (plaster elsewhere)" descriptions of tiling on brick or concrete walls, columns, etc shall be deemed to include 1:4 cement plaster backing and descriptions of tiling on concrete floors etc
A157: 8 | B157: 2 | C157: 9 | E157: CORNER PROTECTORS, DIVIDING STRIPS, ETC. | G157: H2
A159: 8 | B159: 2 | C159: 9 | D159: 5 | E159: Kirk, equivalent or approved by the PM. M-Trim ASE120 12mm high aluminium straight trim fixed in strict accordance with the manufacturer's instructions. | F159: 100% Steel Products | G159: m | H159: 9 | J159: =H159*I159 -> 0
A163: 8 | B163: 2 | C163: 9 | E163: ="TOTAL "& E145 -> TOTAL TILING | J163: =SUM(J145:J162) -> 0
A165: 8 | B165: 2 | C165: 10 | E165: SECTION NO. 2 | G165: H2
A167: 8 | B167: 2 | C167: 10 | E167: BILL NO. 10 | G167: H2
A169: 8 | B169: 2 | C169: 10 | E169: GLAZING | G169: H2
A171: 8 | B171: 2 | C171: 10 | E171: PREAMBLES
A173: 8 | B173: 2 | C173: 10 | E173: Tenderers are to refer to the Model Preambles for Trades (Latest Edition) and Supplementary Preambles for further description and amplification of work in this section
A175: 8 | B175: 2 | C175: 10 | E175: SUPPLEMENTARY PREAMBLES | G175: H2
A177: 8 | B177: 2 | C177: 10 | E177: Notes: 1.Tenderers are advised to study the Prasa Norms, Guidelines and Standards (NGS) for Station Facilities and Part B of the Prasa Specifications before pricing this bill
A179: 8 | B179: 2 | C179: 10 | E179: TOPS, SHELVES, MIRRORS, ETC. | G179: H2
A181: 8 | B181: 2 | C181: 10 | E181: Mirrors to comply with SABS 1236 Class A. | G181: H3
A183: 8 | B183: 2 | C183: 10 | E183: 6mm Silvered float glass copper backed mirrors with polished edges holed for and fixed with chromium plated dome capped mirror screws with rubber buffers to plugs in brickwork or concrete and foam backing strip all round: | G183: H3
A185: 8 | B185: 2 | C185: 10 | D185: 2 | E185: Mirror size 600 x 900mm high. | F185: 100% Steel Products - screws | G185: No | H185: 1 | J185: =H185*I185 -> 0
A188: 8 | B188: 2 | C188: 10 | E188: ="TOTAL "& E169 -> TOTAL GLAZING | J188: =SUM(J169:J187) -> 0
A190: 9 | B190: 2 | E190: BUILDERS WORK SUMMARY
A193: 9 | B193: 2 | C193: 3 | D193: 7 | E193: ROOF COVERING, ETC. | J193: =SUM(J29:J39) -> 0
A195: 9 | B195: 2 | C195: 6 | D195: 11 | E195: IRONMONGERY | J195: =SUM(J64:J102) -> 0
A197: 9 | B197: 2 | C197: 7 | D197: 12 | E197: METALWORK | J197: =SUM(J122:J137) -> 0
...

Sheet ADMIN OFFICE
J1: REFURBISHMENT OF TRAIN STATIONS FOR PRASA SUB CORRIDOR 1
J2: NGR/CRES/13/2021
J4: CENTURION STATION (ADMIN OFFICE)
A5: PAGE NO | B5: SEC NO | C5: BILL NO | D5: ITEM NO | E5: DESCRIPTION | F5: LOCAL CONTENT THRESHOLD | G5: UNIT | H5: QUANTITY | I5: RATE | J5: AMOUNT
F6: 1
A8: 4 | B8: 2 | C8: 3 | E8: SECTION NO. 2 | G8: H2
A10: 4 | B10: 2 | C10: 3 | E10: BILL NO. 3 | G10: H2
A12: 4 | B12: 2 | C12: 3 | E12: ROOF COVERING | G12: H2
A14: 4 | B14: 2 | C14: 3 | E14: PREAMBLES
A16: 4 | B16: 2 | C16: 3 | E16: Tenderers are to refer to the Model Preambles for Trades (Latest Edition) and Supplementary Preambles for further description and amplification of work in this section
A18: 4 | B18: 2 | C18: 3 | E18: SUPPLEMENTARY PREAMBLES
A20: 4 | B20: 2 | C20: 3 | E20: Notes: 1.Tenderers are advised to study the Prasa Norms, Guidelines and Standards (NGS) for Station Facilities and Part B of the Prasa Specifications before pricing this bill
A22: 4 | B22: 2 | C22: 3 | E22: Straight cutting
A24: 4 | B24: 2 | C24: 3 | E24: Descriptions of all roof coverings are deemed to include for all straight cutting
A26: 4 | B26: 2 | C26: 3 | E26: PROFILED METAL SHEETING AND ACCESSORIES
A28: 4 | B28: 2 | C28: 3 | E28: Where roof coverings are fixed on top of rigid board insulation to purlins etc, descriptions of roof coverings shall include therefore:
A30: 4 | B30: 2 | C30: 3 | E30: PROFILED SHEETING OF METAL, FIBRE-CEMENT, PLASTICS, ETC. | G30: H2
A32: 4 | B32: 2 | C32: 3 | E32: Flashings, etc.: | G32: H3
A34: 4 | B34: 2 | C34: 3 | D34: 2 | E34: flashing. | F34: 100% Steel Products | G34: m | H34: 68 | J34: =H34*I34 -> 0
A37: 4 | B37: 2 | C37: 3 | E37: ="TOTAL "& E12 -> TOTAL ROOF COVERING | J37: =SUM(J12:J36) -> 0
A39: 5 | B39: 2 | C39: 6 | E39: SECTION NO. 2 | G39: H2
A41: 5 | B41: 2 | C41: 6 | E41: BILL NO. 6 | G41: H2
A43: 5 | B43: 2 | C43: 6 | E43: IRONMONGERY | G43: H2
A45: 5 | B45: 2 | C45: 6 | E45: PREAMBLES
A47: 6 | B47: 2 | C47: 6 | E47: Tenderers are to refer to the Model Preambles for Trades (Latest Edition) and Supplementary Preambles for further description and amplification of work in this section
A49: 6 | B49: 2 | C49: 6 | E49: SUPPLEMENTARY PREAMBLES
A51: 6 | B51: 2 | C51: 6 | E51: Notes: 1.Tenderers are advised to study the Prasa Norms, Guidelines and Standards (NGS) for Station Facilities and Part B of the Prasa Specifications before pricing this bill
A53: 6 | B53: 2 | C53: 6 | E53: Finishes to ironmongery
A55: 6 | B55: 2 | C55: 6 | E55: Where applicable finishes to ironmongery are indicated by suffixes in accordance with the following list: BS Satin bronze lacquered CH Chromium plated SC Satin chromium plated SE Silver enamelled GE Grey enamelled AS Anodised silver AB Anodised bronze AG
A57: 6 | B57: 2 | C57: 6 | E57: HINGES, BOLTS, ETC. | G57: H2
A59: 6 | B59: 2 | C59: 6 | E59: Stainless steel: | G59: H3
A61: 6 | B61: 2 | C61: 6 | D61: 1 | E61: 100mm Butt hinges. | F61: 100% Steel Products | G61: No | H61: 11 | J61: =H61*I61 -> 0
A63: 6 | B63: 2 | C63: 6 | E63: LOCKS | G63: H2
A65: 6 | B65: 2 | C65: 6 | E65: Stainless steel: | G65: H3
A67: 6 | B67: 2 | C67: 6 | D67: 2 | E67: Dorma D036S, equivalent or approved by the PM. cylinder sash lock with stainless steel forend. | F67: =F61 -> 100% Steel Products | G67: No | H67: 11 | J67: =H67*I67 -> 0
A69: 6 | B69: 2 | C69: 6 | D69: 3 | E69: "Dorma D035S, equivalent or approved by the PM. wc indicator cylinder sash lock with stainless steel forend and ""Dorma DWC-115"", equivalent or approved by the PM. indicator." | F69: =F67 -> 100% Steel Products | G69: No | H69: 1 | J69: =H69*I69 -> 0
A71: 6 | B71: 2 | C71: 6 | E71: HANDLES | G71: H2
A73: 6 | B73: 2 | C73: 6 | E73: Natural Anodised Aluminium: | G73: H3
A75: 6 | B75: 2 | C75: 6 | D75: 4 | E75: """DORMA SH815"", equivalent or approved by the PM. Lever handle with rose." | F75: =F69 -> 100% Steel Products | G75: No | H75: 11 | J75: =H75*I75 -> 0
A77: 6 | B77: 2 | C77: 6 | D77: 5 | E77: "Dorma TH120/BP, equivalent or approved by the PM. tubular spring loaded pull handle on and including ""Dorma TH120/BP"", equivalent or approved by the PM. cylinder backplate." | F77: =F75 -> 100% Steel Products | G77: No | H77: 1 | J77: =H77*I77 -> 0
A79: 6 | B79: 2 | C79: 6 | E79: DOOR CLOSERS | G79: H2
A81: 6 | B81: 2 | C81: 6 | D81: 6 | E81: Standard overhead door closer in accordance with SABS 1510 with adjustable closing force strength 2-4, adjustable arm, etc. | F81: =F69 -> 100% Steel Products | G81: No | H81: 2 | J81: =H81*I81 -> 0
A83: 6 | B83: 2 | C83: 6 | E83: SIGNAGE | G83: H2
A85: 6 | B85: 2 | C85: 6 | D85: 7 | E85: "Dorma DSS-130, equivalent or approved by the PM. 150 x 150 x 3mm thick stainless steel pictogram sign with ""Toilet"" | F85: =F81 -> 100% Steel Products | G85: No | H85: 2 | J85: =H85*I85 -> 0
A88: 6 | B88: 2 | C88: 6 | E88: BATHROOM FITTINGS | G88: H2
A90: 6 | B90: 2 | C90: 6 | D90: 8 | E90: Franke HF2400HD, equivalent or approved by the PM. 1,2/1,5mm thick satin finished stainless steel automatic hands free hand dryer (Code: 2500001), size 280 x 207 x 245mm high with 2 vandal proof lock screws and key wrench, plugged and screwed to the wall with stainless steel screws, 200 W motor connected to 230/240 volt power supply. With 5 year warranty. | F90: =F85 -> 100% Steel Products | G90: No | H90: 2 | J90: =H90*I90 -> 0
A92: 6 | B92: 2 | C92: 6 | D92: 9 | E92: MR2 Stainless Steel Toilet Tissue Dispenser stainless steel (Code: SA426130), overall size 130 x 135 x 256mm high, installed by a Kimberly Clark®, equivalent or approved by the PM. installation team. | F92: =F90 -> 100% Steel Products | G92: No | H92: 2 | J92: =H92*I92 -> 0
A94: 6 | B94: 2 | C94: 6 | E94: SUNDRIES | G94: H2
A96: 6 | B96: 2 | C96: 6 | D96: 10 | E96: Floor mounted door stop. | F96: =F92 -> 100% Steel Products | G96: No | H96: 11 | J96: =H96*I96 -> 0
A99: 6 | B99: 2 | C99: 6 | E99: ="TOTAL "& E43 -> TOTAL IRONMONGERY | J99: =SUM(J43:J98) -> 0
A101: 6 | B101: 2 | C101: 7 | E101: SECTION NO. 2 | G101: H2
A103: 6 | B103: 2 | C103: 7 | E103: BILL NO. 7 | G103: H2
A105: 6 | B105: 2 | C105: 7 | E105: METALWORK | G105: H2
A107: 6 | B107: 2 | C107: 7 | E107: PREAMBLES
A109: 7 | B109: 2 | C109: 7 | E109: Tenderers are to refer to the Model Preambles for Trades (Latest Edition) and Supplementary Preambles for further description and amplification of work in this section
A111: 7 | B111: 2 | C111: 7 | E111: SUPPLEMENTARY PREAMBLES
A113: 7 | B113: 2 | C113: 7 | E113: Notes: 1.Tenderers are advised to study the Prasa Norms, Guidelines and Standards (NGS) for Station Facilities and Part B of the Prasa Specifications before pricing this bill
A115: 7 | B115: 2 | C115: 7 | E115: Descriptions of bolts shall be deemed to include nuts and washers Descriptions of expansion anchors and bolts and chemical anchors and bolts shall be deemed to include nuts, washers and mortices in brickwork or concrete Metalwork described as "holed for bolt(s)" shall be deemed to exclude the bolts unless otherwise described
A118: 7 | B118: 2 | C118: 7 | E118: PRESSED STEEL DOOR FRAMES | G118: H2
A120: 7 | B120: 2 | C120: 7 | E120: 1,6mm Thick Single rebated frames suitable for half brick walls complete with hoop iron anchors welded to frame, one adjustable stainless steel striking plate suitable for cylinder locks, three rubber shock absorbers in rebate and one pair of 100mm standard heavy duty brass butt hinges welded to frame: | G120: H3
A122: 7 | B122: 2 | C122: 7 | D122: 1 | E122: Frame for door size 813 x 2032mm high. | F122: 100% Steel Products | G122: No | H122: 9 | J122: =H122*I122 -> 0
A124: 7 | B124: 2 | C124: 7 | E124: 1,6mm Thick Single rebated frames suitable for one brick walls complete with hoop iron anchors welded to frame, one adjustable stainless steel striking plate suitable for cylinder locks, three rubber shock absorbers in rebate and one pair of 100mm standard heavy duty brass butt hinges welded to frame: | G124: H3
A126: 7 | B126: 2 | C126: 7 | D126: 2 | E126: Frame for door size 813 x 2032mm high. | F126: =F122 -> 100% Steel Products | G126: No | H126: 2 | J126: =H126*I126 -> 0
A128: 7 | B128: 2 | C128: 7 | E128: STEEL WINDOWS | G128: H2
A130: 7 | B130: 2 | C130: 7 | E130: Standard residential type steel windows with burglar bars to fixed and opening sections: | G130: H3
A132: 7 | B132: 2 | C132: 7 | D132: 3 | E132: Steel windows with burglar bars | F132: =F126 -> 100% Steel Products | G132: No | H132: 9 | J132: =H132*I132 -> 0
A135: 7 | B135: 2 | C135: 7 | E135: ="TOTAL "& E105 -> TOTAL METALWORK | J135: =SUM(J105:J134) -> 0
A137: 8 | B137: 2 | C137: 9 | E137: SECTION NO. 2 | G137: H2
A139: 8 | B139: 2 | C139: 9 | E139: BILL NO. 9 | G139: H2
A141: 8 | B141: 2 | C141: 9 | E141: TILING | G141: H2
A143: 8 | B143: 2 | C143: 9 | E143: PREAMBLES
A145: 8 | B145: 2 | C145: 9 | E145: Tenderers are to refer to the Model Preambles for Trades (Latest Edition) and Supplementary Preambles for further description and amplification of work in this section
A147: 8 | B147: 2 | C147: 9 | E147: SUPPLEMENTARY PREAMBLES
A149: 8 | B149: 2 | C149: 9 | E149: Notes: 1.Tenderers are advised to study the Prasa Norms, Guidelines and Standards (NGS) for Station Facilities and Part B of the Prasa Specifications before pricing this bill
A151: 8 | B151: 2 | C151: 9 | E151: Descriptions Unless described as "fixed with adhesive to plaster (plaster elsewhere)" descriptions of tiling on brick or concrete walls, columns, etc shall be deemed to include 1:4 cement plaster backing and descriptions of tiling on concrete floors etc
E153: CORNER PROTECTORS, DIVIDING STRIPS, ETC. | G153: H2
A154: 8 | B154: 2 | C154: 9
D155: 5 | E155: Kirk, equivalent or approved by the PM. M-Trim ASE120 12mm high aluminium straight trim fixed in strict accordance with the manufacturer's instructions. | F155: 100% Steel Products | G155: m | H155: 9 | J155: =H155*I155 -> 0
A156: 8 | B156: 2 | C156: 9
A158: 8 | B158: 2 | C158: 9 | E158: ="TOTAL "& E141 -> TOTAL TILING | J158: =SUM(J141:J157) -> 0
A160: 8 | B160: 2 | C160: 10 | E160: SECTION NO. 2 | G160: H2
A162: 8 | B162: 2 | C162: 10 | E162: BILL NO. 10 | G162: H2
A164: 8 | B164: 2 | C164: 10 | E164: GLAZING | G164: H2
A166: 8 | B166: 2 | C166: 10 | E166: PREAMBLES
A168: 8 | B168: 2 | C168: 10 | E168: Tenderers are to refer to the Model Preambles for Trades (Latest Edition) and Supplementary Preambles for further description and amplification of work in this section
A170: 8 | B170: 2 | C170: 10 | E170: SUPPLEMENTARY PREAMBLES
A172: 8 | B172: 2 | C172: 10 | E172: Notes: 1.Tenderers are advised to study the Prasa Norms, Guidelines and Standards (NGS) for Station Facilities and Part B of the Prasa Specifications before pricing this bill
A175: 9 | B175: 2 | C175: 10 | E175: TOPS, SHELVES, MIRRORS, ETC. | G175: H2
A177: 9 | B177: 2 | C177: 10 | E177: Mirrors to comply with SABS 1236 Class A. | G177: H3
A179: 9 | B179: 2 | C179: 10 | E179: 6mm Silvered float glass copper backed mirrors with polished edges holed for and fixed with chromium plated dome capped mirror screws with rubber buffers to plugs in brickwork or concrete and foam backing strip all round: | G179: H3
A181: 9 | B181: 2 | C181: 10 | D181: 2 | E181: Mirror size 600 x 900mm high. | F181: 100% Steel Products - screws | G181: No | H181: 1 | J181: =H181*I181 -> 0
A184: 9 | B184: 2 | C184: 10 | E184: ="TOTAL "& E164 -> TOTAL GLAZING | J184: =SUM(J164:J183) -> 0
A186: 9 | B186: 2 | E186: BUILDERS WORK SUMMARY
A188: 9 | B188: 2 | D188: 3 | E188: ROOF COVERING, ETC. | J188: =SUM(J30:J35) -> 0
A190: 10 | B190: 2 | D190: 6 | E190: IRONMONGERY | J190: =SUM(J59:J97) -> 0
A192: 10 | B192: 2 | D192: 7 | E192: METALWORK | J192: =SUM(J117:J133) -> 0
A194: 10 | B194: 2 | D194: 9 | E194: TILING | J194: =SUM(J153:J156) -> 0
A196: 10 | B196: 2 | D196: 10 | E196: GLAZING | J196: =SUM(J174:J182) -> 0
A198: 10 | B198: 2 | E198: Sub-Total | G198: ST | I198: =SUM(J188:J196) -> 0 | J198: Sub Total | K198: check | L198: =+SUM(J7:J186) -> 0

Sheet SIGNAL RM, ENT & EXIT HOUSING
J1: REFURBISHMENT OF TRAIN STATIONS FOR PRASA SUB CORRIDOR 1
J2: NGR/CRES/13/2021
J4: CENTURION STATION (SIGNAL RM, ENT & EXIT HOUSING 2)
A5: PAGE NO | B5: SEC NO | C5: BILL NO | D5: ITEM NO | E5: DESCRIPTION | F5: LOCAL CONTENT THRESHOLD | G5: UNIT | H5: QUANTITY | I5: RATE | J5: AMOUNT
F6: 1
A8: 4 | B8: 2 | C8: 4 | E8: SECTION NO. 2 | G8: H2
A10: 4 | B10: 2 | C10: 4 | E10: BILL NO. 4 | G10: H2
A12: 4 | B12: 2 | C12: 4 | E12: IRONMONGERY | G12: H2
A14: 4 | B14: 2 | C14: 4 | E14: PREAMBLES
A16: 4 | B16: 2 | C16: 4 | E16: Tenderers are to refer to the Model Preambles for Trades (Latest Edition) and Supplementary Preambles for further description and amplification of work in this section
A18: 4 | B18: 2 | C18: 4 | E18: SUPPLEMENTARY PREAMBLES
A20: 4 | B20: 2 | C20: 4 | E20: Notes: 1.Tenderers are advised to study the Prasa Norms, Guidelines and Standards (NGS) for Station Facilities and Part B of the Prasa Specifications before pricing this bill
A22: 4 | B22: 2 | C22: 4 | E22: Finishes to ironmongery
A24: 4 | B24: 2 | C24: 4 | E24: Where applicable finishes to ironmongery are indicated by suffixes in accordance with the following list: BS Satin bronze lacquered CH Chromium plated SC Satin chromium plated SE Silver enamelled GE Grey enamelled AS Anodised silver AB Anodised bronze AG
A26: 4 | B26: 2 | C26: 4 | E26: HINGES, BOLTS, ETC. | G26: H2
A28: 4 | B28: 2 | C28: 4 | E28: Stainless steel: | G28: H3
A30: 4 | B30: 2 | C30: 4 | D30: 1 | E30: 100mm Butt hinges. | F30: 100% Steel Products | G30: No | H30: 3 | J30: =H30*I30 -> 0
A32: 4 | B32: 2 | C32: 4 | E32: LOCKS | G32: H2
A34: 4 | B34: 2 | C34: 4 | E34: Stainless steel: | G34: H3
A36: 4 | B36: 2 | C36: 4 | D36: 2 | E36: Dorma D036S, equivalent or approved by the PM. cylinder sash lock with stainless steel forend. | F36: =F30 -> 100% Steel Products | G36: No | H36: 3 | J36: =H36*I36 -> 0
A38: 4 | B38: 2 | C38: 4 | D38: 3 | E38: "Dorma D035S, equivalent or approved by the PM. wc indicator cylinder sash lock with stainless steel forend and ""Dorma DWC-115"", equivalent or approved by the PM. indicator." | F38: =F36 -> 100% Steel Products | G38: No | H38: 1 | J38: =H38*I38 -> 0
A40: 4 | B40: 2 | C40: 4 | E40: HANDLES | G40: H2
A42: 4 | B42: 2 | C42: 4 | E42: Natural Anodised Aluminium: | G42: H3
A44: 4 | B44: 2 | C44: 4 | D44: 4 | E44: """DORMA SH815"", equivalent or approved by the PM. Lever handle with rose." | F44: =F38 -> 100% Steel Products | G44: No | H44: 3 | J44: =H44*I44 -> 0
A46: 4 | B46: 2 | C46: 4 | D46: 5 | E46: "Dorma TH120/BP, equivalent or approved by the PM. tubular spring loaded pull handle on and including ""Dorma TH120/BP"", equivalent or approved by the PM. cylinder backplate." | F46: =F44 -> 100% Steel Products | G46: No | H46: 1 | J46: =H46*I46 -> 0
A48: 4 | B48: 2 | C48: 4 | E48: SUNDRIES | G48: H2
A50: 4 | B50: 2 | C50: 4 | D50: 6 | E50: Floor mounted door stop. | F50: =F38 -> 100% Steel Products | G50: No | H50: 3 | J50: =H50*I50 -> 0
A53: 5 | B53: 2 | C53: 4 | E53: ="TOTAL " &E12 -> TOTAL IRONMONGERY | J53: =SUM(J8:J52) -> 0
A55: 5 | B55: 2 | C55: 5 | E55: SECTION NO. 2 | G55: H2
A57: 5 | B57: 2 | C57: 5 | E57: BILL NO. 5 | G57: H2
A59: 5 | B59: 2 | C59: 5 | E59: METALWORK | G59: H2
A61: 5 | B61: 2 | C61: 5 | E61: PREAMBLES
A63: 5 | B63: 2 | C63: 5 | E63: Tenderers are to refer to the Model Preambles for Trades (Latest Edition) and Supplementary Preambles for further description and amplification of work in this section
A65: 5 | B65: 2 | C65: 5 | E65: SUPPLEMENTARY PREAMBLES
G66: H2
A67: 5 | B67: 2 | C67: 5 | E67: Notes: 1.Tenderers are advised to study the Prasa Norms, Guidelines and Standards (NGS) for Station Facilities and Part B of the Prasa Specifications before pricing this bill
A69: 5 | B69: 2 | C69: 5 | E69: Descriptions of bolts shall be deemed to include nuts and washers Descriptions of expansion anchors and bolts and chemical anchors and bolts shall be deemed to include nuts, washers and mortices in brickwork or concrete Metalwork described as "holed for bolt(s)" shall be deemed to exclude the bolts unless otherwise described
A71: 5 | B71: 2 | C71: 5 | E71: PRESSED STEEL DOOR FRAMES | G71: H2
A73: 5 | B73: 2 | C73: 5 | E73: 1,6mm Thick Single rebated frames suitable for half brick walls complete with hoop iron anchors welded to frame, one adjustable stainless steel striking plate suitable for cylinder locks, three rubber shock absorbers in rebate and one pair of 100mm standard heavy duty brass butt hinges welded to frame: | G73: H3
A75: 5 | B75: 2 | C75: 5 | D75: 1 | E75: Frame for door size 813 x 2032mm high. | F75: 100% Steel Products | G75: No | H75: 1 | J75: =H75*I75 -> 0
A77: 5 | B77: 2 | C77: 5 | E77: 1,6mm Thick Single rebated frames suitable for one brick walls complete with hoop iron anchors welded to frame, one adjustable stainless steel striking plate suitable for cylinder locks, three rubber shock absorbers in rebate and one pair of 100mm standard heavy duty brass butt hinges welded to frame: | G77: H3
A79: 5 | B79: 2 | C79: 5 | D79: 2 | E79: Frame for door size 813 x 2032mm high. | F79: =F75 -> 100% Steel Products | G79: No | H79: 2 | J79: =H79*I79 -> 0
A83: 5 | B83: 2 | C83: 5 | E83: ="TOTAL "& E59 -> TOTAL METALWORK | J83: =SUM(J59:J82) -> 0
A85: 6 | B85: 2 | C85: 7 | E85: SECTION NO. 2 | G85: H2
A87: 6 | B87: 2 | C87: 7 | E87: BILL NO. 7 | G87: H2
A89: 6 | B89: 2 | C89: 7 | E89: TILING | G89: H2
A91: 6 | B91: 2 | C91: 7 | E91: PREAMBLES
A93: 6 | B93: 2 | C93: 7 | E93: Tenderers are to refer to the Model Preambles for Trades (Latest Edition) and Supplementary Preambles for further description and amplification of work in this section
A95: 6 | B95: 2 | C95: 7 | E95: SUPPLEMENTARY PREAMBLES
A97: 6 | B97: 2 | C97: 7 | E97: Notes: 1.Tenderers are advised to study the Prasa Norms, Guidelines and Standards (NGS) for Station Facilities and Part B of the Prasa Specifications before pricing this bill
A99: 6 | B99: 2 | C99: 7 | E99: Descriptions Unless described as "fixed with adhesive to plaster (plaster elsewhere)" descriptions of tiling on brick or concrete walls, columns, etc shall be deemed to include 1:4 cement plaster backing and descriptions of tiling on concrete floors etc | G99: H2
A101: 6 | B101: 2 | C101: 7 | E101: CORNER PROTECTORS, DIVIDING STRIPS, ETC. | G101: H2
A103: 6 | B103: 2 | C103: 7 | D103: 5 | E103: Kirk, equivalent or approved by the PM. M-Trim ASE120 12mm high aluminium straight trim fixed in strict accordance with the manufacturer's instructions. | F103: 100% Steel Products | G103: m | H103: 9 | J103: =H103*I103 -> 0
A106: 6 | B106: 2 | C106: 7 | E106: ="TOTAL "& E89 -> TOTAL TILING | J106: =SUM(J89:J105) -> 0
A109: 7 | B109: 2 | E109: BUILDERS WORK SUMMARY | K109: 745426.9
K110: 1198336.7
A111: 7 | B111: 2 | D111: 4 | E111: IRONMONGERY | J111: =SUM(J28:J51) -> 0 | K111: 1588690.6
K112: 391959.09
A113: 7 | B113: 2 | D113: 5 | E113: METALWORK | J113: =SUM(J69:J81) -> 0 | K113: -1213389.1
K114: =SUM(K108:K113) -> 2711024.2
A115: 7 | B115: 2 | D115: 7 | E115: TILING | J115: =SUM(J101:J104) -> 0
A117: 7 | B117: 2 | E117: BUILDING WORK
A119: 7 | B119: 2 | E119: Sub-Total | G119: ST | I119: =SUM(J111:J116) -> 0 | J119: Sub Total

Sheet PLATFORM WC & ENT_EXIT HOUSING
J1: REFURBISHMENT OF TRAIN STATIONS FOR PRASA SUB CORRIDOR 1
J2: NGR/CRES/13/2021
J4: CENTURION STATION (PLATFORM WC & ENT_EXIT HOUSING)
A5: PAGE NO | B5: SEC NO | C5: BILL NO | D5: ITEM NO | E5: DESCRIPTION | F5: LOCAL CONTENT THRESHOLD | G5: UNIT | H5: QUANTITY | I5: RATE | J5: AMOUNT
F6: 1
A7: 4 | B7: 2 | C7: 3 | E7: SECTION NO. 2 | G7: H2
A9: 4 | B9: 2 | C9: 3 | E9: BILL NO. 3 | G9: H2
A11: 4 | B11: 2 | C11: 3 | E11: ROOF COVERING | G11: H2
A13: 4 | B13: 2 | C13: 3 | E13: PREAMBLES
A15: 4 | B15: 2 | C15: 3 | E15: Tenderers are to refer to the Model Preambles for Trades (Latest Edition) and Supplementary Preambles for further description and amplification of work in this section
A17: 4 | B17: 2 | C17: 3 | E17: SUPPLEMENTARY PREAMBLES
A19: 4 | B19: 2 | C19: 3 | E19: Notes: 1.Tenderers are advised to study the Prasa Norms, Guidelines and Standards (NGS) for Station Facilities and Part B of the Prasa Specifications before pricing this bill
A21: 4 | B21: 2 | C21: 3 | E21: Straight cutting
G22: H2
A23: 4 | B23: 2 | C23: 3 | E23: Descriptions of all roof coverings are deemed to include for all straight cutting
A25: 4 | B25: 2 | C25: 3 | E25: PROFILED SHEETING OF METAL, FIBRE-CEMENT, PLASTICS, ETC. | G25: H2
A27: 4 | B27: 2 | C27: 3 | E27: Flashings, etc.: | G27: H3
A29: 4 | B29: 2 | C29: 3 | D29: 2 | E29: flashing. | F29: 100% Steel Products | G29: m | H29: 68 | J29: =H29*I29 -> 0
A32: 4 | B32: 2 | C32: 3 | E32: ="TOTAL "& E11 -> TOTAL ROOF COVERING | J32: =SUM(J11:J31) -> 0
A34: 5 | B34: 2 | C34: 6 | E34: SECTION NO. 2 | G34: H2
A36: 6 | B36: 2 | C36: 6 | E36: BILL NO. 6 | G36: H2
A38: 6 | B38: 2 | C38: 6 | E38: IRONMONGERY | G38: H2
A40: 6 | B40: 2 | C40: 6 | E40: PREAMBLES
A42: 6 | B42: 2 | C42: 6 | E42: Tenderers are to refer to the Model Preambles for Trades (Latest Edition) and Supplementary Preambles for further description and amplification of work in this section
A44: 6 | B44: 2 | C44: 6 | E44: SUPPLEMENTARY PREAMBLES
A46: 6 | B46: 2 | C46: 6 | E46: Notes: 1.Tenderers are advised to study the Prasa Norms, Guidelines and Standards (NGS) for Station Facilities and Part B of the Prasa Specifications before pricing this bill
A48: 6 | B48: 2 | C48: 6 | E48: Finishes to ironmongery
A50: 6 | B50: 2 | C50: 6 | E50: Where applicable finishes to ironmongery are indicated by suffixes in accordance with the following list: BS Satin bronze lacquered CH Chromium plated SC Satin chromium plated SE Silver enamelled GE Grey enamelled AS Anodised silver AB Anodised bronze AG
A52: 6 | B52: 2 | C52: 6 | E52: HINGES, BOLTS, ETC. | G52: H2
A54: 6 | B54: 2 | C54: 6 | E54: Stainless steel: | G54: H3
A56: 6 | B56: 2 | C56: 6 | D56: 1 | E56: 100mm Butt hinges. | F56: 100% Steel Products | G56: No | H56: 11 | J56: =H56*I56 -> 0
A58: 6 | B58: 2 | C58: 6 | E58: LOCKS | G58: H2
A60: 6 | B60: 2 | C60: 6 | E60: Stainless steel: | G60: H3
A62: 6 | B62: 2 | C62: 6 | D62: 2 | E62: Dorma D036S, equivalent or approved by the PM. cylinder sash lock with stainless steel forend. | F62: =F56 -> 100% Steel Products | G62: No | H62: 11 | J62: =H62*I62 -> 0
A64: 6 | B64: 2 | C64: 6 | D64: 3 | E64: "Dorma D035S, equivalent or approved by the PM. wc indicator cylinder sash lock with stainless steel forend and ""Dorma DWC-115"", equivalent or approved by the PM. indicator." | F64: =F62 -> 100% Steel Products | G64: No | H64: 1 | J64: =H64*I64 -> 0
A66: 6 | B66: 2 | C66: 6 | E66: HANDLES | G66: H2
A68: 6 | B68: 2 | C68: 6 | E68: Natural Anodised Aluminium: | G68: H3
A70: 6 | B70: 2 | C70: 6 | D70: 4 | E70: """DORMA SH815"", equivalent or approved by the PM. Lever handle with rose." | F70: =F64 -> 100% Steel Products | G70: No | H70: 11 | J70: =H70*I70 -> 0
A72: 6 | B72: 2 | C72: 6 | D72: 5 | E72: "Dorma TH120/BP, equivalent or approved by the PM. tubular spring loaded pull handle on and including ""Dorma TH120/BP"", equivalent or approved by the PM. cylinder backplate." | F72: =F70 -> 100% Steel Products | G72: No | H72: 1 | J72: =H72*I72 -> 0
A74: 6 | B74: 2 | C74: 6 | E74: DOOR CLOSERS | G74: H2
A76: 6 | B76: 2 | C76: 6 | D76: 6 | E76: Standard overhead door closer in accordance with SABS 1510 with adjustable closing force strength 2-4, adjustable arm, etc. | F76: =F64 -> 100% Steel Products | G76: No | H76: 2 | J76: =H76*I76 -> 0
A78: 6 | B78: 2 | C78: 6 | E78: SIGNAGE | G78: H2
A80: 6 | B80: 2 | C80: 6 | D80: 7 | E80: "Dorma DSS-130, equivalent or approved by the PM. 150 x 150 x 3mm thick stainless steel pictogram sign with ""Toilet"" | F80: =F76 -> 100% Steel Products | G80: No | H80: 2 | J80: =H80*I80 -> 0
A83: 6 | B83: 2 | C83: 6 | E83: BATHROOM FITTINGS | G83: H2
A85: 6 | B85: 2 | C85: 6 | D85: 11 | E85: Franke HF2400HD, equivalent or approved by the PM. 1,2/1,5mm thick satin finished stainless steel automatic hands free hand dryer (Code: 2500001), size 280 x 207 x 245mm high with 2 vandal proof lock screws and key wrench, plugged and screwed to the wall with stainless steel screws, 200 W motor connected to 230/240 volt power supply. With 5 year warranty. | F85: =F80 -> 100% Steel Products | G85: No | H85: 6 | J85: =H85*I85 -> 0
A87: 6 | B87: 2 | C87: 6 | D87: 12 | E87: MR2 Stainless Steel Toilet Tissue Dispenser stainless steel (Code: SA426130), overall size 130 x 135 x 256mm high, installed by a Kimberly Clark®, equivalent or approved by the PM. installation team. | F87: =F85 -> 100% Steel Products | G87: No | H87: 6 | J87: =H87*I87 -> 0
A89: 6 | B89: 2 | C89: 6 | E89: SUNDRIES | G89: H2
A91: 6 | B91: 2 | C91: 6 | D91: 13 | E91: Floor mounted door stop. | F91: =F87 -> 100% Steel Products | G91: No | H91: 11 | J91: =H91*I91 -> 0
A94: 6 | B94: 2 | C94: 6 | E94: ="TOTAL "& E38 -> TOTAL IRONMONGERY | J94: =SUM(J38:J93) -> 0
A96: 6 | B96: 2 | C96: 7 | E96: SECTION NO. 2 | G96: H2
A98: 7 | B98: 2 | C98: 7 | E98: BILL NO. 7 | G98: H2
A100: 7 | B100: 2 | C100: 7 | E100: METALWORK | G100: H2
A102: 7 | B102: 2 | C102: 7 | E102: PREAMBLES
A104: 7 | B104: 2 | C104: 7 | E104: Tenderers are to refer to the Model Preambles for Trades (Latest Edition) and Supplementary Preambles for further description and amplification of work in this section
A106: 7 | B106: 2 | C106: 7 | E106: SUPPLEMENTARY PREAMBLES
A108: 7 | B108: 2 | C108: 7 | E108: Notes: 1.Tenderers are advised to study the Prasa Norms, Guidelines and Standards (NGS) for Station Facilities and Part B of the Prasa Specifications before pricing this bill
A110: 7 | B110: 2 | C110: 7 | E110: Descriptions of bolts shall be deemed to include nuts and washers Descriptions of expansion anchors and bolts and chemical anchors and bolts shall be deemed to include nuts, washers and mortices in brickwork or concrete Metalwork described as "holed for bolt(s)" shall be deemed to exclude the bolts unless otherwise described
A112: 7 | B112: 2 | C112: 7 | E112: PRESSED STEEL DOOR FRAMES | G112: H2
A114: 7 | B114: 2 | C114: 7 | E114: 1,6mm Thick Single rebated frames suitable for half brick walls complete with hoop iron anchors welded to frame, one adjustable stainless steel striking plate suitable for cylinder locks, three rubber shock absorbers in rebate and one pair of 100mm standard heavy duty brass butt hinges welded to frame: | G114: H3
A116: 7 | B116: 2 | C116: 7 | D116: 1 | E116: Frame for door size 813 x 2032mm high. | F116: 100% Steel Products | G116: No | H116: 6 | J116: =H116*I116 -> 0
A118: 7 | B118: 2 | C118: 7 | E118: 1,6mm Thick Single rebated frames suitable for one brick walls complete with hoop iron anchors welded to frame, one adjustable stainless steel striking plate suitable for cylinder locks, three rubber shock absorbers in rebate and one pair of 100mm standard heavy duty brass butt hinges welded to frame: | G118: H3
A120: 7 | B120: 2 | C120: 7 | D120: 2 | E120: Frame for door size 813 x 2032mm high. | F120: =F116 -> 100% Steel Products | G120: No | H120: 5 | J120: =H120*I120 -> 0
A122: 7 | B122: 2 | C122: 7 | E122: ROLLER SHUTTERS | G122: H2
A124: 7 | B124: 2 | C124: 7 | E124: Xpanda, equivalent or approved by the PM. Standard chain operated roller shutter in galvanised finish, size 2400mm or 1800mm x 2400mm high with 450mm headroom with 130mm clearance on free side and 160mm clearance on operator side,75mm wide x 1.2mm thick slates, 75mm wide side guides with wicket gate, Xpanda Rol-Lok, with pressed steel canopy cover and weather strip T-bar to bottom edge, with perimeter framing plugged and screwed to reveal at maximum 300mm centres to concrete or brickwork. | G124: H3
A126: 7 | B126: 2 | C126: 7 | D126: 3 | E126: Roller shutter doors | F126: =F120 -> 100% Steel Products | G126: No | H126: 2 | J126: =H126*I126 -> 0
A128: 7 | B128: 2 | C128: 7 | E128: STEEL WINDOWS | G128: H2
A130: 7 | B130: 2 | C130: 7 | E130: Standard residential type steel windows with burglar bars to fixed and opening sections: | G130: H3
A132: 7 | B132: 2 | C132: 7 | D132: 4 | E132: Steel windows with burglar bars | F132: =F126 -> 100% Steel Products | G132: No | H132: 11 | J132: =H132*I132 -> 0
A136: 7 | B136: 2 | C136: 7 | E136: ="TOTAL "& E100 -> TOTAL METALWORK | J136: =SUM(J100:J135) -> 0
A138: 8 | B138: 2 | C138: 9 | E138: SECTION NO. 2 | G138: H2
A140: 8 | B140: 2 | C140: 9 | E140: BILL NO. 9 | G140: H2
A142: 8 | B142: 2 | C142: 9 | E142: TILING | G142: H2
A144: 8 | B144: 2 | C144: 9 | E144: PREAMBLES
A146: 8 | B146: 2 | C146: 9 | E146: Tenderers are to refer to the Model Preambles for Trades (Latest Edition) and Supplementary Preambles for further description and amplification of work in this section
A148: 8 | B148: 2 | C148: 9 | E148: SUPPLEMENTARY PREAMBLES
A150: 8 | B150: 2 | C150: 9 | E150: Notes: 1.Tenderers are advised to study the Prasa Norms, Guidelines and Standards (NGS) for Station Facilities and Part B of the Prasa Specifications before pricing this bill
A152: 8 | B152: 2 | C152: 9 | E152: Descriptions Unless described as "fixed with adhesive to plaster (plaster elsewhere)" descriptions of tiling on brick or concrete walls, columns, etc shall be deemed to include 1:4 cement plaster backing and descriptions of tiling on concrete floors etc
G153: H2
A155: 8 | B155: 2 | C155: 9 | E155: CORNER PROTECTORS, DIVIDING STRIPS, ETC. | G155: H2
A157: 8 | B157: 2 | C157: 9 | D157: 5 | E157: Kirk, equivalent or approved by the PM. M-Trim ASE120 12mm high aluminium straight trim fixed in strict accordance with the manufacturer's instructions. | F157: =F132 -> 100% Steel Products | G157: m | H157: 14 | J157: =H157*I157 -> 0
A160: 8 | B160: 2 | C160: 9 | E160: ="TOTAL "& E142 -> TOTAL TILING | J160: =SUM(J142:J159) -> 0
A162: 8 | B162: 2 | C162: 10 | E162: SECTION NO. 2 | G162: H2
A164: 8 | B164: 2 | C164: 10 | E164: BILL NO. 10 | G164: H2
A166: 8 | B166: 2 | C166: 10 | E166: GLAZING | G166: H2
A168: 8 | B168: 2 | C168: 10 | E168: PREAMBLES
A170: 9 | B170: 2 | C170: 10 | E170: Tenderers are to refer to the Model Preambles for Trades (Latest Edition) and Supplementary Preambles for further description and amplification of work in this section
A172: 9 | B172: 2 | C172: 10 | E172: SUPPLEMENTARY PREAMBLES
A174: 9 | B174: 2 | C174: 10 | E174: Notes: 1.Tenderers are advised to study the Prasa Norms, Guidelines and Standards (NGS) for Station Facilities and Part B of the Prasa Specifications before pricing this bill
A177: 9 | B177: 2 | C177: 10 | E177: Mirrors to comply with SABS 1236 Class A. | G177: H3
A179: 9 | B179: 2 | C179: 10 | E179: 6mm Silvered float glass copper backed mirrors with polished edges holed for and fixed with chromium plated dome capped mirror screws with rubber buffers to plugs in brickwork or concrete and foam backing strip all round: | G179: H3
A181: 9 | B181: 2 | C181: 10 | D181: 2 | E181: Mirror size 600 x 900mm high. | F181: ='ADMIN OFFICE'!F181 -> 100% Steel Products - screws | G181: No | H181: 6 | J181: =H181*I181 -> 0
A184: 9 | B184: 2 | C184: 10 | E184: ="TOTAL "& E166 -> TOTAL GLAZING | J184: =SUM(J166:J183) -> 0
A186: 9 | B186: 2 | E186: BUILDERS WORK SUMMARY
A188: 9 | B188: 2 | D188: 3 | E188: ROOF COVERING, ETC. | J188: =SUM(J25:J30) -> 0
A190: 10 | B190: 2 | D190: 6 | E190: IRONMONGERY | J190: =SUM(J54:J92) -> 0
A192: 10 | B192: 2 | D192: 7 | E192: METALWORK | J192: =SUM(J112:J134) -> 0
A194: 10 | B194: 2 | D194: 9 | E194: TILING | J194: =SUM(J154:J158) -> 0
A196: 10 | B196: 2 | D196: 10 | E196: GLAZING | J196: =SUM(J176:J182) -> 0
A198: 10 | B198: 2 | E198: Sub-Total | G198: ST | I198: =SUM(J187:J196) -> 0 | J198: Sub Total

Sheet MAINTENANCE WC
J1: REFURBISHMENT OF TRAIN STATIONS FOR PRASA SUB CORRIDOR 1
J2: NGR/CRES/13/2021
J4: CENTURION STATION (MAINTENANCE WC)
A5: PAGE NO | B5: SEC NO | C5: BILL NO | D5: ITEM NO | E5: DESCRIPTION | F5: ='PLATFORM WC & ENT_EXIT HOUSING'!F5 -> LOCAL CONTENT THRESHOLD | G5: UNIT | H5: QUANTITY | I5: RATE | J5: AMOUNT
F6: 1
A7: 4 | B7: 2 | C7: 3 | E7: SECTION NO. 2 | G7: H2
A9: 4 | B9: 2 | C9: 3 | E9: BILL NO. 3 | G9: H2
A11: 4 | B11: 2 | C11: 3 | E11: ROOF COVERING | G11: H2
A13: 4 | B13: 2 | C13: 3 | E13: PREAMBLES
A15: 4 | B15: 2 | C15: 3 | E15: Tenderers are to refer to the Model Preambles for Trades (Latest Edition) and Supplementary Preambles for further description and amplification of work in this section
A17: 4 | B17: 2 | C17: 3 | E17: SUPPLEMENTARY PREAMBLES
A19: 4 | B19: 2 | C19: 3 | E19: Notes: 1.Tenderers are advised to study the Prasa Norms, Guidelines and Standards (NGS) for Station Facilities and Part B of the Prasa Specifications before pricing this bill
A21: 4 | B21: 2 | C21: 3 | E21: Straight cutting
G22: H2
A23: 4 | B23: 2 | C23: 3 | E23: Descriptions of all roof coverings are deemed to include for all straight cutting
A25: 4 | B25: 2 | C25: 3 | E25: PROFILED SHEETING OF METAL, FIBRE-CEMENT, PLASTICS, ETC. | G25: H2
A27: 4 | B27: 2 | C27: 3 | E27: Flashings, etc.: | G27: H3
A29: 4 | B29: 2 | C29: 3 | D29: 2 | E29: flashing. | F29: =F56 -> 100% Steel Products | G29: m | H29: 68 | J29: =H29*I29 -> 0
A32: 4 | B32: 2 | C32: 3 | E32: ="TOTAL "& E11 -> TOTAL ROOF COVERING | J32: =SUM(J11:J31) -> 0
A34: 5 | B34: 2 | C34: 6 | E34: SECTION NO. 2 | G34: H2
A36: 5 | B36: 2 | C36: 6 | E36: BILL NO. 6 | G36: H2
A38: 5 | B38: 2 | C38: 6 | E38: IRONMONGERY | G38: H2
A40: 5 | B40: 2 | C40: 6 | E40: PREAMBLES
A42: 5 | B42: 2 | C42: 6 | E42: Tenderers are to refer to the Model Preambles for Trades (Latest Edition) and Supplementary Preambles for further description and amplification of work in this section
A44: 5 | B44: 2 | C44: 6 | E44: SUPPLEMENTARY PREAMBLES
A46: 5 | B46: 2 | C46: 6 | E46: Notes: 1.Tenderers are advised to study the Prasa Norms, Guidelines and Standards (NGS) for Station Facilities and Part B of the Prasa Specifications before pricing this bill
A48: 5 | B48: 2 | C48: 6 | E48: Finishes to ironmongery
A50: 5 | B50: 2 | C50: 6 | E50: Where applicable finishes to ironmongery are indicated by suffixes in accordance with the following list: BS Satin bronze lacquered CH Chromium plated SC Satin chromium plated SE Silver enamelled GE Grey enamelled AS Anodised silver AB Anodised bronze AG
A52: 5 | B52: 2 | C52: 6 | E52: HINGES, BOLTS, ETC. | G52: H2
A54: 5 | B54: 2 | C54: 6 | E54: Stainless steel: | G54: H3
A56: 5 | B56: 2 | C56: 6 | D56: 1 | E56: 100mm Butt hinges. | F56: 100% Steel Products | G56: No | H56: 5 | J56: =H56*I56 -> 0
A58: 5 | B58: 2 | C58: 6 | E58: LOCKS | G58: H2
A60: 5 | B60: 2 | C60: 6 | E60: Stainless steel: | G60: H3
A62: 5 | B62: 2 | C62: 6 | D62: 2 | E62: Dorma D036S, equivalent or approved by the PM. cylinder sash lock with stainless steel forend. | F62: =F56 -> 100% Steel Products | G62: No | H62: 5 | J62: =H62*I62 -> 0
A64: 6 | B64: 2 | C64: 6 | D64: 3 | E64: "Dorma D035S, equivalent or approved by the PM. wc indicator cylinder sash lock with stainless steel forend and ""Dorma DWC-115"", equivalent or approved by the PM. indicator." | F64: =F62 -> 100% Steel Products | G64: No | H64: 1 | J64: =H64*I64 -> 0
A66: 6 | B66: 2 | C66: 5 | E66: HANDLES | G66: H2
A68: 6 | B68: 2 | C68: 5 | E68: Natural Anodised Aluminium: | G68: H3
A70: 6 | B70: 2 | C70: 6 | D70: 4 | E70: """DORMA SH815"", equivalent or approved by the PM. Lever handle with rose." | F70: =F64 -> 100% Steel Products | G70: No | H70: 5 | J70: =H70*I70 -> 0
A72: 6 | B72: 2 | C72: 6 | D72: 5 | E72: "Dorma TH120/BP, equivalent or approved by the PM. tubular spring loaded pull handle on and including ""Dorma TH120/BP"", equivalent or approved by the PM. cylinder backplate." | F72: =F70 -> 100% Steel Products | G72: No | H72: 1 | J72: =H72*I72 -> 0
A74: 6 | B74: 2 | C74: 6 | E74: DOOR CLOSERS | G74: H2
A76: 6 | B76: 2 | C76: 6 | D76: 6 | E76: Standard overhead door closer in accordance with SABS 1510 with adjustable closing force strength 2-4, adjustable arm, etc. | F76: =F64 -> 100% Steel Products | G76: No | H76: 2 | J76: =H76*I76 -> 0
A78: 6 | B78: 2 | C78: 6 | E78: SIGNAGE | G78: H2
A80: 6 | B80: 2 | C80: 6 | D80: 7 | E80: "Dorma DSS-130, equivalent or approved by the PM. 150 x 150 x 3mm thick stainless steel pictogram sign with ""Toilet"" | F80: =F76 -> 100% Steel Products | G80: No | H80: 2 | J80: =H80*I80 -> 0
A83: 6 | B83: 2 | C83: 6 | E83: BATHROOM FITTINGS | G83: H2
A85: 6 | B85: 2 | C85: 6 | D85: 8 | E85: Franke HF2400HD, equivalent or approved by the PM. 1,2/1,5mm thick satin finished stainless steel automatic hands free hand dryer (Code: 2500001), size 280 x 207 x 245mm high with 2 vandal proof lock screws and key wrench, plugged and screwed to the wall with stainless steel screws, 200 W motor connected to 230/240 volt power supply. With 5 year warranty. | F85: =F80 -> 100% Steel Products | G85: No | H85: 2 | J85: =H85*I85 -> 0
A87: 6 | B87: 2 | C87: 6 | D87: 9 | E87: MR2 Stainless Steel Toilet Tissue Dispenser stainless steel (Code: SA426130), overall size 130 x 135 x 256mm high, installed by a Kimberly Clark®, equivalent or approved by the PM. installation team. | F87: =F85 -> 100% Steel Products | G87: No | H87: 2 | J87: =H87*I87 -> 0
A89: 6 | B89: 2 | C89: 6 | E89: SUNDRIES | G89: H2
A91: 6 | B91: 2 | C91: 6 | D91: 10 | E91: Floor mounted door stop. | F91: =F87 -> 100% Steel Products | G91: No | H91: 5 | J91: =H91*I91 -> 0
A94: 6 | B94: 2 | C94: 6 | E94: ="TOTAL "& E38 -> TOTAL IRONMONGERY | J94: =SUM(J38:J93) -> 0
A96: 6 | B96: 2 | C96: 7 | E96: SECTION NO. 2 | G96: H2
A98: 6 | B98: 2 | C98: 7 | E98: BILL NO. 7 | G98: H2
A100: 6 | B100: 2 | C100: 7 | E100: METALWORK | G100: H2
A102: 6 | B102: 2 | C102: 7 | E102: PREAMBLES
A104: 6 | B104: 2 | C104: 7 | E104: Tenderers are to refer to the Model Preambles for Trades (Latest Edition) and Supplementary Preambles for further description and amplification of work in this section
A106: 6 | B106: 2 | C106: 7 | E106: SUPPLEMENTARY PREAMBLES
A108: 6 | B108: 2 | C108: 7 | E108: Notes: 1.Tenderers are advised to study the Prasa Norms, Guidelines and Standards (NGS) for Station Facilities and Part B of the Prasa Specifications before pricing this bill
G109: H2
A110: 6 | B110: 2 | C110: 7 | E110: Descriptions of bolts shall be deemed to include nuts and washers Descriptions of expansion anchors and bolts and chemical anchors and bolts shall be deemed to include nuts, washers and mortices in brickwork or concrete Metalwork described as "holed for bolt(s)" shall be deemed to exclude the bolts unless otherwise described
A112: 6 | B112: 2 | C112: 7 | E112: PRESSED STEEL DOOR FRAMES | G112: H2
A114: 6 | B114: 2 | C114: 7 | E114: 1,6mm Thick Single rebated frames suitable for half brick walls complete with hoop iron anchors welded to frame, one adjustable stainless steel striking plate suitable for cylinder locks, three rubber shock absorbers in rebate and one pair of 100mm standard heavy duty brass butt hinges welded to frame: | G114: H3
A116: 6 | B116: 2 | C116: 7 | D116: 1 | E116: Frame for door size 813 x 2032mm high. | F116: 100% Steel Products | G116: No | H116: 4 | J116: =H116*I116 -> 0
A118: 7 | B118: 2 | C118: 7 | E118: 1,6mm Thick Single rebated frames suitable for one brick walls complete with hoop iron anchors welded to frame, one adjustable stainless steel striking plate suitable for cylinder locks, three rubber shock absorbers in rebate and one pair of 100mm standard heavy duty brass butt hinges welded to frame: | G118: H3
A120: 7 | B120: 2 | C120: 7 | D120: 2 | E120: Frame for door size 813 x 2032mm high. | F120: =F116 -> 100% Steel Products | G120: No | H120: 1 | J120: =H120*I120 -> 0
A122: 7 | B122: 2 | C122: 7 | E122: STEEL WINDOWS | G122: H2
A124: 7 | B124: 2 | C124: 7 | E124: Standard residential type steel windows with burglar bars to fixed and opening sections: | G124: H3
A126: 7 | B126: 2 | C126: 7 | D126: 3 | E126: Steel windows with burglar bars | F126: =F120 -> 100% Steel Products | G126: No | H126: 6 | J126: =H126*I126 -> 0
A129: 7 | B129: 2 | C129: 7 | E129: ="TOTAL "& E100 -> TOTAL METALWORK | J129: =SUM(J100:J128) -> 0
A131: 7 | B131: 2 | C131: 9 | E131: SECTION NO. 2 | G131: H2
A133: 7 | B133: 2 | C133: 9 | E133: BILL NO. 9 | G133: H2
A135: 7 | B135: 2 | C135: 9 | E135: TILING | G135: H2
A137: 7 | B137: 2 | C137: 9 | E137: PREAMBLES
A139: 7 | B139: 2 | C139: 9 | E139: Tenderers are to refer to the Model Preambles for Trades (Latest Edition) and Supplementary Preambles for further description and amplification of work in this section
A141: 7 | B141: 2 | C141: 9 | E141: SUPPLEMENTARY PREAMBLES
A143: 7 | B143: 2 | C143: 9 | E143: Notes: 1.Tenderers are advised to study the Prasa Norms, Guidelines and Standards (NGS) for Station Facilities and Part B of the Prasa Specifications before pricing this bill
G144: H2
A145: 8 | B145: 2 | C145: 9 | E145: Descriptions Unless described as "fixed with adhesive to plaster (plaster elsewhere)" descriptions of tiling on brick or concrete walls, columns, etc shall be deemed to include 1:4 cement plaster backing and descriptions of tiling on concrete floors etc
C147: 9
A148: 8 | B148: 2 | E148: CORNER PROTECTORS, DIVIDING STRIPS, ETC. | G148: H2
C149: 9
A150: 8 | B150: 2 | D150: 5 | E150: Kirk, equivalent or approved by the PM. M-Trim ASE120 12mm high aluminium straight trim fixed in strict accordance with the manufacturer's instructions. | F150: 100% Steel Products | G150: m | H150: 7 | J150: =H150*I150 -> 0
C151: 9
A153: 8 | B153: 2 | C153: 9 | E153: ="TOTAL "& E135 -> TOTAL TILING | J153: =SUM(J135:J152) -> 0
A155: 8 | B155: 2 | C155: 10 | E155: SECTION NO. 2 | G155: H2
A157: 8 | B157: 2 | C157: 10 | E157: BILL NO. 10 | G157: H2
A159: 8 | B159: 2 | C159: 10 | E159: GLAZING | G159: H2
A161: 8 | B161: 2 | C161: 10 | E161: PREAMBLES
A163: 8 | B163: 2 | C163: 10 | E163: Tenderers are to refer to the Model Preambles for Trades (Latest Edition) and Supplementary Preambles for further description and amplification of work in this section
G164: H2
A165: 8 | B165: 2 | C165: 10 | E165: SUPPLEMENTARY PREAMBLES
A167: 8 | B167: 2 | C167: 10 | E167: Notes: 1.Tenderers are advised to study the Prasa Norms, Guidelines and Standards (NGS) for Station Facilities and Part B of the Prasa Specifications before pricing this bill
A169: 8 | B169: 2 | C169: 10 | E169: TOPS, SHELVES, MIRRORS, ETC. | G169: H2
A171: 8 | B171: 2 | C171: 10 | E171: Mirrors to comply with SABS 1236 Class A. | G171: H3
A173: 8 | B173: 2 | C173: 10 | E173: 6mm Silvered float glass copper backed mirrors with polished edges holed for and fixed with chromium plated dome capped mirror screws with rubber buffers to plugs in brickwork or concrete and foam backing strip all round: | G173: H3
A175: 8 | B175: 2 | C175: 10 | D175: 2 | E175: Mirror size 600 x 900mm high. | F175: 100% Steel Products - screws | G175: No | H175: 2 | J175: =H175*I175 -> 0
A178: 8 | B178: 2 | C178: 10 | E178: ="TOTAL "& E159 -> TOTAL GLAZING | J178: =SUM(J159:J177) -> 0
A181: 9 | B181: 2 | E181: BUILDERS WORK SUMMARY
A183: 9 | B183: 2 | D183: 3 | E183: ROOF COVERING, ETC. | J183: =SUM(J25:J30) -> 0
A185: 9 | B185: 2 | D185: 6 | E185: IRONMONGERY | J185: =SUM(J54:J92) -> 0
A187: 9 | B187: 2 | D187: 7 | E187: METALWORK | J187: =SUM(J112:J127) -> 0
A189: 9 | B189: 2 | D189: 9 | E189: TILING | J189: =SUM(J147:J151) -> 0
...

Sheet MAIN BUILDING
J1: REFURBISHMENT OF TRAIN STATIONS FOR PRASA SUB CORRIDOR 1
J2: NGR/CRES/13/2021
J4: CENTURION STATION (MAIN BUILDING)
A5: PAGE NO | B5: SEC NO | C5: BILL NO | D5: ITEM NO | E5: DESCRIPTION | F5: LOCAL CONTENT THRESHOLD | G5: UNIT | H5: QUANTITY | I5: RATE | J5: AMOUNT
F6: 1
A7: 4 | B7: 2 | C7: 3 | E7: SECTION NO. 2 | G7: H2
A9: 4 | B9: 2 | C9: 3 | E9: BILL NO. 3 | G9: H2
A11: 4 | B11: 2 | C11: 3 | E11: ROOF COVERING | G11: H2
A13: 4 | B13: 2 | C13: 3 | E13: PREAMBLES
A15: 4 | B15: 2 | C15: 3 | E15: Tenderers are to refer to the Model Preambles for Trades (Latest Edition) and Supplementary Preambles for further description and amplification of work in this section
A17: 4 | B17: 2 | C17: 3 | E17: SUPPLEMENTARY PREAMBLES
A19: 4 | B19: 2 | C19: 3 | E19: Notes: 1.Tenderers are advised to study the Prasa Norms, Guidelines and Standards (NGS) for Station Facilities and Part B of the Prasa Specifications before pricing this bill
A21: 4 | B21: 2 | C21: 3 | E21: Straight cutting | G21: H2
A23: 4 | B23: 2 | C23: 3 | E23: Descriptions of all roof coverings are deemed to include for all straight cutting
A25: 4 | B25: 2 | C25: 3 | E25: Flashings, etc.: | G25: H3
A27: 4 | B27: 2 | C27: 3 | D27: 2 | E27: flashing. | F27: 100% Steel Product | G27: m | H27: 68 | J27: =H27*I27 -> 0
A30: 4 | B30: 2 | C30: 3 | E30: ="TOTAL "& E11 -> TOTAL ROOF COVERING | J30: =SUM(J11:J29) -> 0
A32: 5 | B32: 2 | C32: 6 | E32: SECTION NO. 2 | G32: H2
A34: 5 | B34: 2 | C34: 6 | E34: BILL NO. 6 | G34: H2
A36: 5 | B36: 2 | C36: 6 | E36: IRONMONGERY | G36: H2
A38: 5 | B38: 2 | C38: 6 | E38: PREAMBLES
A40: 6 | B40: 2 | C40: 6 | E40: Tenderers are to refer to the Model Preambles for Trades (Latest Edition) and Supplementary Preambles for further description and amplification of work in this section
A42: 6 | B42: 2 | C42: 6 | E42: SUPPLEMENTARY PREAMBLES
A44: 6 | B44: 2 | C44: 6 | E44: Notes: 1.Tenderers are advised to study the Prasa Norms, Guidelines and Standards (NGS) for Station Facilities and Part B of the Prasa Specifications before pricing this bill
A46: 6 | B46: 2 | C46: 6 | E46: Finishes to ironmongery
A48: 6 | B48: 2 | C48: 6 | E48: Where applicable finishes to ironmongery are indicated by suffixes in accordance with the following list: BS Satin bronze lacquered CH Chromium plated SC Satin chromium plated SE Silver enamelled GE Grey enamelled AS Anodised silver AB Anodised bronze AG
A50: 6 | B50: 2 | C50: 6 | E50: HINGES, BOLTS, ETC. | G50: H2
A52: 6 | B52: 2 | C52: 6 | E52: Stainless steel: | G52: H3
A54: 6 | B54: 2 | C54: 6 | D54: 1 | E54: 100mm Butt hinges. | F54: 100% Steel Products | G54: No | H54: 17 | J54: =H54*I54 -> 0
A56: 6 | B56: 2 | C56: 6 | E56: LOCKS | G56: H2
A58: 6 | B58: 2 | C58: 6 | E58: Stainless steel: | G58: H3
A60: 6 | B60: 2 | C60: 6 | D60: 2 | E60: Dorma D036S, equivalent or approved by the PM. cylinder sash lock with stainless steel forend. | F60: =F54 -> 100% Steel Products | G60: No | H60: 17 | J60: =H60*I60 -> 0
A62: 6 | B62: 2 | C62: 6 | D62: 3 | E62: "Dorma D035S, equivalent or approved by the PM. wc indicator cylinder sash lock with stainless steel forend and ""Dorma DWC-115"", equivalent or approved by the PM. indicator." | F62: =F60 -> 100% Steel Products | G62: No | H62: 2 | J62: =H62*I62 -> 0
A64: 6 | B64: 2 | C64: 6 | E64: HANDLES | G64: H2
A66: 6 | B66: 2 | C66: 6 | E66: Natural Anodised Aluminium: | G66: H3
A68: 6 | B68: 2 | C68: 6 | D68: 4 | E68: """DORMA SH815"", equivalent or approved by the PM. Lever handle with rose." | F68: =F62 -> 100% Steel Products | G68: No | H68: 17 | J68: =H68*I68 -> 0
A70: 6 | B70: 2 | C70: 6 | D70: 5 | E70: "Dorma TH120/BP, equivalent or approved by the PM. tubular spring loaded pull handle on and including ""Dorma TH120/BP"", equivalent or approved by the PM. cylinder backplate." | F70: =F68 -> 100% Steel Products | G70: No | H70: 1 | J70: =H70*I70 -> 0
A72: 6 | B72: 2 | C72: 6 | E72: DOOR CLOSERS | G72: H2
A74: 6 | B74: 2 | C74: 6 | D74: 5 | E74: Standard overhead door closer in accordance with SABS 1510 with adjustable closing force strength 2-4, adjustable arm, etc. | F74: =F62 -> 100% Steel Products | G74: No | H74: 2 | J74: =H74*I74 -> 0
A76: 6 | B76: 2 | C76: 6 | E76: SIGNAGE | G76: H2
A78: 6 | B78: 2 | C78: 6 | D78: 6 | E78: "Dorma DSS-130, equivalent or approved by the PM. 150 x 150 x 3mm thick stainless steel pictogram sign with ""Toilet"" | F78: =F74 -> 100% Steel Products | G78: No | H78: 2 | J78: =H78*I78 -> 0
A81: 6 | B81: 2 | C81: 6 | E81: BATHROOM FITTINGS | G81: H2
A83: 6 | B83: 2 | C83: 6 | D83: 7 | E83: Franke HF2400HD, equivalent or approved by the PM. 1,2/1,5mm thick satin finished stainless steel automatic hands free hand dryer (Code: 2500001), size 280 x 207 x 245mm high with 2 vandal proof lock screws and key wrench, plugged and screwed to the wall with stainless steel screws, 200 W motor connected to 230/240 volt power supply. With 5 year warranty. | F83: =F78 -> 100% Steel Products | G83: No | H83: 1 | J83: =H83*I83 -> 0
A85: 6 | B85: 2 | C85: 6 | D85: 8 | E85: MR2 Stainless Steel Toilet Tissue Dispenser stainless steel (Code: SA426130), overall size 130 x 135 x 256mm high, installed by a Kimberly Clark®, equivalent or approved by the PM. installation team. | F85: =F83 -> 100% Steel Products | G85: No | H85: 1 | J85: =H85*I85 -> 0
A87: 6 | B87: 2 | C87: 6 | E87: SUNDRIES | G87: H2
A89: 6 | B89: 2 | C89: 6 | D89: 9 | E89: Floor mounted door stop. | F89: =F85 -> 100% Steel Products | G89: No | H89: 17 | J89: =H89*I89 -> 0
A91: 6 | B91: 2 | C91: 6 | E91: FINANCIAL PROVISIONS | G91: H2
A93: 6 | B93: 2 | C93: 6 | E93: The items described hereunder cover work which is not fully defined at tender stage and which is intended to be executed by the Contractor and/or his Sub-Contractors. The amounts shown shall be used as directed by the Representative/ Agent and shall be deducted in whole or in part if not required.
A95: 6 | B95: 2 | C95: 6 | D95: 10 | E95: Allow the amount of R 5 000.00 (Thirty Thousand Rand) for installation of Fittings not specified. | F95: =F89 -> 100% Steel Products | G95: Item | H95: 1 | J95: =H95*I95 -> 0
A97: 6
A99: 6 | B99: 2 | C99: 6 | E99: ="TOTAL "& E36 -> TOTAL IRONMONGERY | J99: =SUM(J36:J98) -> 0
A101: 6 | B101: 2 | C101: 7 | E101: SECTION NO. 2 | G101: H2
A103: 6 | B103: 2 | C103: 7 | E103: BILL NO. 7 | G103: H2
A105: 5 | B105: 2 | C105: 7 | E105: METALWORK | G105: H2
A107: 6 | B107: 2 | C107: 7 | E107: PREAMBLES
A109: 7 | B109: 2 | C109: 7 | E109: Tenderers are to refer to the Model Preambles for Trades (Latest Edition) and Supplementary Preambles for further description and amplification of work in this section
A111: 7 | B111: 2 | C111: 7 | E111: SUPPLEMENTARY PREAMBLES
A113: 7 | B113: 2 | C113: 7 | E113: Notes: 1.Tenderers are advised to study the Prasa Norms, Guidelines and Standards (NGS) for Station Facilities and Part B of the Prasa Specifications before pricing this bill
A115: 7 | B115: 2 | C115: 7 | E115: Descriptions of bolts shall be deemed to include nuts and washers Descriptions of expansion anchors and bolts and chemical anchors and bolts shall be deemed to include nuts, washers and mortices in brickwork or concrete Metalwork described as "holed for bolt(s)" shall be deemed to exclude the bolts unless otherwise described | G115: H2
A117: 7 | B117: 2 | C117: 7 | E117: PRESSED STEEL DOOR FRAMES | G117: H2
A119: 7 | B119: 2 | C119: 7 | E119: 1,6mm Thick Single rebated frames suitable for half brick walls complete with hoop iron anchors welded to frame, one adjustable stainless steel striking plate suitable for cylinder locks, three rubber shock absorbers in rebate and one pair of 100mm standard heavy duty brass butt hinges welded to frame: | G119: H3
A121: 7 | B121: 2 | C121: 7 | D121: 1 | E121: Frame for door size 813 x 2032mm high. | F121: 100% Steel Products | G121: No | H121: 11 | J121: =H121*I121 -> 0
A123: 7 | B123: 2 | C123: 7 | E123: 1,6mm Thick Single rebated frames suitable for one brick walls complete with hoop iron anchors welded to frame, one adjustable stainless steel striking plate suitable for cylinder locks, three rubber shock absorbers in rebate and one pair of 100mm standard heavy duty brass butt hinges welded to frame: | G123: H3
A125: 7 | B125: 2 | C125: 7 | D125: 2 | E125: Frame for door size 813 x 2032mm high. | F125: =F121 -> 100% Steel Products | G125: No | H125: 2 | J125: =H125*I125 -> 0
A127: 7 | B127: 2 | C127: 7 | E127: 1,6mm Thick Single rebated frames suitable for one and half brick walls complete with hoop iron anchors welded to frame, one adjustable stainless steel striking plate suitable for cylinder locks, three rubber shock absorbers in rebate and one pair of 100mm standard heavy duty brass butt hinges welded to frame: | G127: H3
A129: 7 | B129: 2 | C129: 7 | D129: 3 | E129: Frame for door size 1 612 x 2032mm high. | F129: =F125 -> 100% Steel Products | G129: No | H129: 4 | J129: =H129*I129 -> 0
A131: 7 | B131: 2 | C131: 7 | E131: STEEL WINDOWS | G131: H2
A133: 7 | B133: 2 | C133: 7 | E133: Standard residential type steel windows with burglar bars to fixed and opening sections: | G133: H3
A135: 7 | B135: 2 | C135: 7 | D135: 4 | E135: Steel windows with burglar bars | F135: =F129 -> 100% Steel Products | G135: No | H135: 20 | J135: =H135*I135 -> 0
A138: 7 | B138: 2 | C138: 7 | E138: ="TOTAL "& E105 -> TOTAL METALWORK | J138: =SUM(J105:J137) -> 0
A140: 8 | B140: 2 | C140: 9 | E140: SECTION NO. 2 | G140: H2
A142: 8 | B142: 2 | C142: 9 | E142: BILL NO. 9 | G142: H2
A144: 8 | B144: 2 | C144: 9 | E144: TILING | G144: H2
A146: 8 | B146: 2 | C146: 9 | E146: PREAMBLES
A148: 8 | B148: 2 | C148: 9 | E148: Tenderers are to refer to the Model Preambles for Trades (Latest Edition) and Supplementary Preambles for further description and amplification of work in this section
A150: 8 | B150: 2 | C150: 9 | E150: SUPPLEMENTARY PREAMBLES
A152: 8 | B152: 2 | C152: 9 | E152: Notes: 1.Tenderers are advised to study the Prasa Norms, Guidelines and Standards (NGS) for Station Facilities and Part B of the Prasa Specifications before pricing this bill
G153: H2
A154: 8 | B154: 2 | C154: 9 | E154: Descriptions Unless described as "fixed with adhesive to plaster (plaster elsewhere)" descriptions of tiling on brick or concrete walls, columns, etc shall be deemed to include 1:4 cement plaster backing and descriptions of tiling on concrete floors etc
A156: 8 | B156: 2 | C156: 9 | E156: CORNER PROTECTORS, DIVIDING STRIPS, ETC. | G156: H2
A158: 8 | B158: 2 | C158: 9 | D158: 5 | E158: Kirk, equivalent or approved by the PM. M-Trim ASE120 12mm high aluminium straight trim fixed in strict accordance with the manufacturer's instructions. | F158: 100% Steel Products | G158: m | H158: 18 | J158: =H158*I158 -> 0
A161: 8 | B161: 2 | C161: 9 | E161: ="TOTAL "& E144 -> TOTAL TILING | J161: =SUM(J144:J160) -> 0
A163: 8 | B163: 2 | C163: 10 | E163: SECTION NO. 2 | G163: H2
A165: 9 | B165: 2 | C165: 10 | E165: BILL NO. 10 | G165: H2
A167: 9 | B167: 2 | C167: 10 | E167: GLAZING | G167: H2
A169: 9 | B169: 2 | C169: 10 | E169: PREAMBLES
A171: 9 | B171: 2 | C171: 10 | E171: Tenderers are to refer to the Model Preambles for Trades (Latest Edition) and Supplementary Preambles for further description and amplification of work in this section
A173: 9 | B173: 2 | C173: 10 | E173: SUPPLEMENTARY PREAMBLES
A175: 9 | B175: 2 | C175: 10 | E175: Notes: 1.Tenderers are advised to study the Prasa Norms, Guidelines and Standards (NGS) for Station Facilities and Part B of the Prasa Specifications before pricing this bill | G175: H2
A177: 9 | B177: 2 | C177: 10 | E177: TOPS, SHELVES, MIRRORS, ETC. | G177: H2
A179: 9 | B179: 2 | C179: 10 | E179: Mirrors to comply with SABS 1236 Class A. | G179: H3
A181: 9 | B181: 2 | C181: 10 | E181: 6mm Silvered float glass copper backed mirrors with polished edges holed for and fixed with chromium plated dome capped mirror screws with rubber buffers to plugs in brickwork or concrete and foam backing strip all round: | G181: H3
A183: 9 | B183: 2 | C183: 10 | D183: 2 | E183: Mirror size 600 x 900mm high. | F183: 100% Steel Products - screws | G183: No | H183: 2 | J183: =H183*I183 -> 0
A185: 9 | B185: 2 | C185: 10
A187: 9 | B187: 2 | C187: 10 | E187: ="TOTAL "& E167 -> TOTAL GLAZING | J187: =SUM(J167:J186) -> 0
A189: 9 | B189: 2 | E189: BUILDERS WORK SUMMARY
A191: 10 | B191: 2 | D191: 3 | E191: ROOF COVERING, ETC. | G191: Page | H191: 55 | J191: =SUM(J25:J28) -> 0
A193: 10 | B193: 2 | D193: 6 | E193: IRONMONGERY | G193: Page | H193: 68 | J193: =SUM(J52:J95) -> 0
A195: 10 | B195: 2 | D195: 7 | E195: METALWORK | G195: Page | H195: 72 | J195: =SUM(J117:J136) -> 0
A197: 10 | B197: 2 | D197: 9 | E197: TILING | G197: Page | H197: 79 | J197: =SUM(J156:J159) -> 0
...

Sheet Centurion Elec
D1: ELECTRICAL INSTALLATION BOQ
D2: CENTURION STATION: PRASA
A4: PAGE NO | B4: SEC NO | C4: BILL NO | D4: Item | E4: Description | F4: LOCAL CONTENT THRESHOLD | H4: Unit | I4: Qty | J4: Rate | K4: Amount
E5: SECTION NO. 3 | F5: 1
A7: 1 | B7: 3 | C7: 1 | D7: 1 | E7: BILL 1: RETICULATION AND DISTRIBUTION BOARDS
A9: 1 | B9: 3 | C9: 1 | D9: 1.1 | E9: Distribution Boards
A10: 1 | B10: 3 | C10: 1 | E10: Distribution boards complete with all MCBs, switchgear, accessories, sheet metal frames, sub-frames, busbars, terminals, wiring, conduit terminations, labelling, fixtures and fittings as specified, with all equipment fitted and equipped in factory all strictly as per schematic diagram.
A11: 1 | B11: 3 | C11: 1 | E11: (Please note that the distribution board's shop drawing should be submitted to the Engineer for approval prior to manufacture).
D13: 1.2 | E13: Low voltage cables
A14: 1 | B14: 3 | C14: 1 | E14: 600/1 000V PVC/PVC/SWA/PVC multi-core copper cable installed in sleeves (sleeves measured elsewhere)
D16: 1.2.1 | E16: 35mm² 4 Core | F16: 100% Electrical cables | G16: Supply | H16: m | I16: 150 | K16: =J16*I16 -> 0
A17: 1 | B17: 3 | C17: 1 | G17: Install | H17: m | I17: =+I16 -> 150 | K17: =J17*I17 -> 0
A19: 1 | B19: 3 | C19: 1 | D19: 1.2.2 | E19: 16mm² 4 Core | F19: 100% Electrical cables | G19: Supply | H19: m | I19: 100 | K19: =J19*I19 -> 0
G20: Install | H20: m | I20: =SUM(I19) -> 100 | K20: =J20*I20 -> 0
A22: 1 | B22: 3 | C22: 1 | D22: 1.2.3 | E22: 10mm² 4 Core | F22: 100% Electrical cables | G22: Supply | H22: m | I22: rate only
G23: Install | H23: m | I23: rate only
A25: 1 | B25: 3 | C25: 1 | D25: 1.4 | E25: Earthing Conductors
E26: Bare stranded copper earth conductor installed in sleeves (sleeves measured elsewhere)
A28: 1 | B28: 3 | C28: 1 | D28: 1.4.1 | E28: 16mm² | F28: 100% Electrical cables | G28: Supply | H28: m | I28: 300 | K28: =J28*I28 -> 0
G29: Install | H29: m | I29: 300 | K29: =J29*I29 -> 0
A31: 1 | B31: 3 | C31: 1 | D31: 1.4.2 | E31: 10mm² | F31: 100% Electrical cables | G31: Supply | H31: m | I31: 250 | K31: =J31*I31 -> 0
G32: Install | H32: m | I32: 250 | K32: =J32*I32 -> 0
D33: Carried forward to next page | K33: =SUM(K5:K32) -> 0
A34: PAGE NO | B34: SEC NO | C34: BILL NO | D34: Item | E34: Description | H34: Unit | I34: Qty | J34: Rate | K34: Amount
E35: Brought forward from previous page | K35: =+K33 -> 0
A38: 2 | B38: 3 | C38: 1 | D38: 1.7 | E38: Sleeves
A40: 2 | B40: 3 | C40: 1 | E40: Kabelflex high density (or equal and approved) polyethylene (HDPE) sleeve with double wall construction, corrugated outer wall and smooth inner wall finish inclusive of couplers, bends, etc
A42: 2 | B42: 3 | C42: 1 | D42: 1.7.1 | E42: 110mm diameter | F42: 100% HDPE | G42: Supply | H42: m | I42: 100 | K42: =J42*I42 -> 0
G43: Install | H43: m | I43: =SUM(I42) -> 100 | K43: =J43*I43 -> 0
A45: 2 | B45: 3 | C45: 1 | D45: 1.7.2 | E45: 50mm diameter | F45: 100% HDPE | G45: Supply | H45: m | I45: 50 | K45: =J45*I45 -> 0
G46: Install | H46: m | I46: =SUM(I45) -> 50 | K46: =J46*I46 -> 0
D49: Carried forward to next page | K49: =SUM(K35:K48) -> 0
A50: PAGE NO | B50: SEC NO | C50: BILL NO | D50: Item | E50: Description | H50: Unit | I50: Qty | J50: Rate | K50: Amount
E51: Brought forward from previous page | K51: =+K49 -> 0
A54: 3 | B54: 3 | C54: 1 | D54: 1.13 | E54: Galvanised steel conduits
A55: 3 | B55: 3 | C55: 1 | D55: 1.13.1 | E55: Galvanised steel conduit including bending, short lengths, draw boxes, cutting,bands, jointing, couplings, saddles and accessories as per SABS 1065. Fixed to surface or laid in or flush mounted in brickwork, dry walls (partitions), concrete, roof space or ceiling void. The rate to allow for the conduit mounting brackets to suspend conduits from concrete slab as would be required in the ceiling void.
A56: 3 | B56: 3 | C56: 1 | E56: 20mm
F57: 100% steel conduits | G57: Supply | H57: m | I57: 150 | K57: =J57*I57 -> 0
G58: Install | H58: m | I58: 150 | K58: =J58*I58 -> 0
D63: Carried forward to next page | K63: =SUM(K51:K62) -> 0
A64: PAGE NO | B64: SEC NO | C64: BILL NO | D64: Item | E64: Description | H64: Unit | I64: Qty | J64: Rate | K64: Amount
E65: Brought forward from previous page | K65: =+K63 -> 0
A67: 4 | B67: 3 | C67: 1 | D67: 1.15 | E67: PVC insulated conductors
A68: 4 | B68: 3 | C68: 1 | E68: 600/1000V PVC insulated conductors drawn into conduit or installed in wiring channel including conductor identification labels, terminating, etc.
D70: 1.15.1 | E70: 2.5 mm² | F70: 100% Electrical cables | G70: Supply | H70: m | I70: 2400 | K70: =J70*I70 -> 0
A71: 4 | B71: 3 | C71: 1 | G71: Install | H71: m | I71: =SUM(I70) -> 2400 | K71: =J71*I71 -> 0
A73: 4 | B73: 3 | C73: 1 | D73: 1.16 | E73: Bare copper earth conductors
A74: 4 | B74: 3 | C74: 1 | E74: Earth conductors drawn into conduit or installed in wiring channel including conductor identification labels, terminating, etc.
A76: 4 | B76: 3 | C76: 1 | D76: 1.16.1 | E76: 2.5 mm² | F76: 100% Electrical cable | G76: Supply | H76: m | I76: 1200 | K76: =J76*I76 -> 0
G77: Install | H77: m | I77: =SUM(I76) -> 1200 | K77: =J77*I77 -> 0
D81: Carried forward to Summary Page | K81: =SUM(K65:K80) -> 0
A82: PAGE NO | B82: SEC NO | C82: BILL NO | D82: Item | E82: Description | H82: Unit | I82: Qty | J82: Rate | K82: Amount
A84: 5 | B84: 3 | C84: 2 | D84: 2 | E84: BILL 2: BUILDING BLOCKS - ELECTRICAL INSTALLATIONS
A86: 5 | B86: 3 | C86: 2 | D86: 2.1 | E86: PVC conduits
A87: 5 | B87: 3 | C87: 2 | E87: PVC conduit including bending, short lengths, draw boxes, cutting,bands, jointing, couplings, saddles and accessories as per SABS 1065. Fixed to surface or laid in or flush mounted in brickwork, dry walls (partitions), concrete, roof space or ceiling void. The rate to allow for the conduit mounting brackets to suspend conduits from concrete slab as would be required in the ceiling void.
A89: 5 | B89: 3 | C89: 2 | D89: 2.1.1 | E89: 20mm | F89: 100% PVC products | G89: Supply | H89: m | I89: 100 | K89: =J89*I89 -> 0
G90: Install | H90: m | I90: =SUM(I89) -> 100 | K90: =J90*I90 -> 0
A92: 5 | B92: 3 | C92: 2 | D92: 2.1.2 | E92: 25mm | F92: 100% PVC products | G92: Supply | H92: m | I92: 80 | K92: =J92*I92 -> 0
G93: Install | H93: m | I93: =SUM(I92) -> 80 | K93: =J93*I93 -> 0
A96: 5 | B96: 3 | C96: 2 | D96: 2.4 | E96: Cable Ladders and Trays
A97: 5 | B97: 3 | C97: 2 | E97: Heavy Duty Galvanised Cable Ladders and Trays complete with cantilever hangers or suspension rods complete with all joints, bends, tees, splicing etc as specified on the Drawings and the Quality Specifications.
A99: 5 | B99: 3 | C99: 2 | D99: 2.4.1 | E99: 150mm wide cable ladder | F99: 100% cable ladder | G99: Supply | H99: m | I99: 28 | K99: =J99*I99 -> 0
G100: Install | H100: m | I100: 28 | K100: =J100*I100 -> 0
A102: 5 | B102: 3 | C102: 2 | D102: 2.4.2 | E102: 200mm wide cable ladder | F102: 100% cable ladder | G102: Supply | H102: m | I102: 50 | K102: =J102*I102 -> 0
G103: Install | H103: m | I103: 50 | K103: =J103*I103 -> 0
A105: 5 | B105: 3 | C105: 2 | D105: 2.4.3 | E105: 300mm wide wiremesh cable tray | F105: 100% wiremesh | G105: Supply | H105: m | I105: 85 | K105: =J105*I105 -> 0
G106: Install | H106: m | I106: 85 | K106: =J106*I106 -> 0
D108: Carried forward to next page | K108: =SUM(K89:K107) -> 0
A109: PAGE NO | B109: SEC NO | C109: BILL NO | D109: Item | E109: Description | H109: Unit | I109: Qty | J109: Rate | K109: Amount
E110: Brought forward from previous page | K110: =+K108 -> 0
A112: 6 | B112: 3 | C112: 2 | D112: 2.5 | E112: PVC insulated conductors
A113: 6 | B113: 3 | C113: 2 | E113: 600/1000V PVC insulated conductors drawn into conduit or installed in wiring channel including conductor identification labels, terminating, etc.
A115: 6 | B115: 3 | C115: 2 | D115: 2.5.1 | E115: 2.5 mm² | F115: 100% Electrical cables | G115: Supply | H115: m | I115: 500 | K115: =J115*I115 -> 0
G116: Install | H116: m | I116: 500 | K116: =J116*I116 -> 0
A118: 6 | B118: 3 | C118: 2 | D118: 2.5.2 | E118: 4.0 mm² | F118: 100% Electrical cables | G118: Supply | H118: m | I118: 300 | K118: =J118*I118 -> 0
G119: Install | H119: m | I119: =SUM(I118) -> 300 | K119: =J119*I119 -> 0
A121: 6 | B121: 3 | C121: 2 | D121: 2.6 | E121: Insulated earth conductors
A122: 6 | B122: 3 | C122: 2 | E122: Earth conductors drawn into conduit or installed in wiring channel including conductor identification labels, terminating, etc.
A124: 6 | B124: 3 | C124: 2 | D124: 2.6.1 | E124: 2.5 mm² | F124: 100% Electrical cables | G124: Supply | H124: m | I124: 1100 | K124: =J124*I124 -> 0
G125: Install | H125: m | I125: 1100 | K125: =J125*I125 -> 0
A127: 6 | B127: 3 | C127: 2 | D127: 2.7 | E127: Bare copper earth conductors
A128: 6 | B128: 3 | C128: 2 | E128: Earth conductors drawn into conduit or installed in wiring channel including conductor identification labels, terminating, etc.
A130: 6 | B130: 3 | C130: 2 | D130: 2.7.1 | E130: 2.5 mm² | F130: 100% Electrical cables | G130: Supply | H130: m | I130: 1200 | K130: =J130*I130 -> 0
G131: Install | H131: m | I131: =SUM(I130) -> 1200 | K131: =J131*I131 -> 0
A133: 6 | B133: 3 | C133: 2 | D133: 2.7.2 | E133: 4.0 mm² | F133: 100% Electrical cables | G133: Supply | H133: m | I133: =SUM(I109)/2 -> 0 | K133: =J133*I133 -> 0
G134: Install | H134: m | I134: =SUM(I133) -> 0 | K134: =J134*I134 -> 0
D137: Carried forward to next page | K137: =SUM(K110:K136) -> 0
A138: PAGE NO | B138: SEC NO | C138: BILL NO | D138: Item | E138: Description | H138: Unit | I138: Qty | J138: Rate | K138: Amount
E139: Brought forward from previous page | K139: =+K137 -> 0
D142: Carried forward to next page | K142: =SUM(K139:K140) -> 0
A143: PAGE NO | B143: SEC NO | C143: BILL NO | D143: Item | E143: Description | H143: Unit | I143: Qty | J143: Rate | K143: Amount
E144: Brought forward from previous page | K144: =+K142 -> 0
D147: Carried forward to next page | K147: =SUM(K144:K145) -> 0
A148: PAGE NO | B148: SEC NO | C148: BILL NO | D148: Item | E148: Description | H148: Unit | I148: Qty | J148: Rate | K148: Amount
E149: Brought forward from previous page | K149: =+K147 -> 0
A151: 9 | B151: 3 | C151: 2 | D151: 2.18 | E151: Earthing and lightning protection system installations
A153: 9 | B153: 3 | C153: 2 | E153: Allowance should be made for the following electrical equipment.
A155: 9 | B155: 3 | C155: 2 | E155: 70mm² PVC stranded copper conductor 600V/1000V grade drawn in conduit-down conductors shall be bonded to steel roof with M6 20mm long brass bolts, nuts and washers. Copper conductor shall be equiped with hexagon criped lig for bonding/termination.
A157: 9 | B157: 3 | C157: 2 | E157: 70mm² bare stranded copper conductor laid in trench for the creation of ring earth electrode in trench, 800mm below ground.
A159: 9 | B159: 3 | C159: 2 | E159: 8mm diameter solid aluminium round conductor surface mounted on aluminium guides
...

Sheet HOT & COLD WATER 
D1: PRASA: CENTURION STATION - MECHANICAL INSTALLATION - WET SERVICES
A3: PAGE NO | B3: SEC NO | C3: BILL NO | D3: Item | E3: Description | F3: LOCAL CONTENT THRESHOLD | G3: Unit | H3: Qty | I3: Rate | J3: Amount
A4: 1 | B4: 4 | C4: 1 | E4: BILL 1 - HOT AND COLD WATER INSTALLATION
A6: 1 | B6: 4 | C6: 1 | E6: ITEMS IN RED WERE ADDED AFTER TENDER FOR FULL FUNCTIONALITY
A7: 1 | B7: 4 | C7: 1 | E7: All rates supplied in this bill of quantities will be deemed to include scaffolding to any height and fixing of cold and hot water pipes up to and including roof height.
A8: 1 | B8: 4 | C8: 1 | E8: All pipes shall be deemed to include in the rates all necessary hanger brackets, threaded rod (irrespective of the suspension length), nuts, washers, anchors and drilling of holes in the concrete slab.
A11: 1 | B11: 4 | C11: 1 | D11: 1 | E11: Cold and Hot Water Piping
A12: 1 | B12: 4 | C12: 1 | D12: =D11+0.1 -> 1.1 | E12: Supply, deliver, install and pressure test of copper Class 0 SANS 460 piping c/w consumables, supports, hangers, anchors, etc
A13: 1 | B13: 4 | C13: 1 | D13: 3,1,1 | E13: Dia. 15mm pipe | F13: 90% copper pipe | G13: m | H13: 400 | J13: =H13*I13 -> 0
A14: 1 | B14: 4 | C14: 1 | D14: 3,1,2 | E14: Dia. 22mm pipe | F14: 90% copper pipe | G14: m | H14: 200 | J14: =H14*I14 -> 0
L16: =SUM(#REF!)+#REF!+#REF! -> #REF!
A17: 1 | B17: 4 | C17: 1 | D17: 2 | E17: Supply, deliver, install and pressure test of HDPE piping c/w consumables, fittings and supports
A18: 1 | B18: 4 | C18: 1 | D18: 2.1 | E18: Dia. 75mm pipe | F18: 100% HDPE pipe | G18: m | H18: 250 | J18: =I18*H18 -> 0
A19: 1 | B19: 4 | C19: 1
E20: Carry forward to next page | J20: =SUM(J10:J18) -> 0
E21: Carried forward from the previous page | J21: =J20 -> 0
A23: 1 | B23: 4 | C23: 1 | D23: =D11+1 -> 2 | E23: Isolating Valves
A24: 1 | B24: 4 | C24: 1 | D24: =D23+0.1 -> 2.1 | E24: Dia. 15mm | F24: 100% valves | G24: No | H24: 50 | J24: =H24*I24 -> 0
A25: 1 | B25: 4 | C25: 1 | D25: =D24+0.1 -> 2.2 | E25: Dia. 22mm | F25: 100% valves | G25: No | H25: 10 | J25: =H25*I25 -> 0
A27: 1 | B27: 4 | C27: 1 | D27: =D23+1 -> 3 | E27: Non-Return Valves
A28: 1 | B28: 4 | C28: 1 | D28: 3.1 | E28: Dia.75mm | F28: 100% valves | G28: No | H28: 2 | J28: =H28*I28 -> 0
A30: 1 | B30: 4 | C30: 1 | D30: 4 | E30: Pressure Reducing Valve (Adjustable)
A31: 1 | B31: 4 | C31: 1 | D31: =D30+0.1 -> 4.1 | E31: Dia. 75mm, with gauge | F31: 100% valves | G31: No | H31: 1 | J31: =H31*I31 -> 0
A34: 1 | B34: 4 | C34: 1 | D34: 5 | E34: Extra over copper pipework as follows:
A35: 1 | B35: 4 | C35: 1 | D35: =D34+0.1 -> 5.1 | E35: Tee's
A36: 1 | B36: 4 | C36: 1 | D36: 5,1,1 | E36: Dia. 15mm Equal Tee | F36: 90% copper pipe | G36: No | H36: 7 | J36: =H36*I36 -> 0
A37: 1 | B37: 4 | C37: 1 | D37: 5.1.2 | E37: Dia. 22mm Equal Tee | F37: 90% copper pipe | G37: No | H37: 23 | J37: =H37*I37 -> 0
A38: 1 | B38: 4 | C38: 1 | D38: 6 | E38: Elbows
A39: 1 | B39: 4 | C39: 1 | D39: 6,1,1 | E39: Dia. 15mm 90° elbow | F39: 90% copper pipe | G39: No | H39: 108 | J39: =H39*I39 -> 0
A40: 1 | B40: 4 | C40: 1 | D40: 6,1,2 | E40: Dia. 22mm 90° elbow | F40: 90% copper pipe | G40: No | H40: 89 | J40: =H40*I40 -> 0
E42: Carry forward to summary | J42: =SUM(J21:J40) -> 0

Sheet FIRE PROTECTION 
D1: PRASA: CENTURION STATION- MECHANICAL INSTALLATION - FIRE PROTECTION SYSTEM
A3: PAGE NO | B3: SEC NO | C3: BILL NO | D3: Item | E3: Description | F3: LOCAL CONTENT THRESHOLD | G3: Unit | H3: Qty | I3: Rate | J3: Amount
E4: BILL 2 - FIRE PROTECTION | F4: 1
A6: 1 | B6: 4 | C6: 2 | E6: Tenderers are referred to the specification and drawings numbered annexed to these bills of quantities for the mechanical work, for the full descriptions of the following items which are to be read and priced in conjunction with the said specification and drawings. All Fire Protection Equipment, including portable extinguishers, hose reels, hydrants and compliance to SANS 10400
A7: 1 | B7: 4 | C7: 2 | E7: Fire Protection Services shall be as per relevant specifications, schedules, scope of works, drawings and technical information.
A8: 1 | B8: 4 | C8: 2 | E8: Fire Protection equipment offered shall generally be of a good quality standard and shall be approved.
A9: 1 | B9: 4 | C9: 2 | E9: The engineer and/or Client will authorize the installation as well as ordering equipment by way of signing off each pre-defined building area's audit and scope of works report
E12: HDPE class 16
A13: 1 | B13: 4 | C13: 2 | D13: 4.3 | E13: 110mm dia piping | F13: 100% HDPE pipe | G13: m | H13: 300 | J13: =H13*I13 -> 0
E16: Carry forward to next page | J16: =SUM(J11:J15) -> 0
E17: Carried forward from the previous page | J17: =J16 -> 0
A20: 2 | B20: 4 | C20: 2 | D20: 5 | E20: Extra over pipework as follows:
E21: 90 Degree Bends
A22: 2 | B22: 4 | C22: 2 | D22: 5.3 | E22: 25mm dia HDPE | F22: 100% HDPE pipe | G22: No. | H22: 3 | J22: =H22*I22 -> 0
A23: 2 | B23: 4 | C23: 2 | D23: 5.4 | E23: 75mm dia HDPE | F23: 100% HDPE pipe | G23: No. | H23: 10 | J23: =H23*I23 -> 0
E25: Reducers
A26: 2 | B26: 4 | C26: 2 | D26: 5.5 | E26: 75mm to 65mm dia | G26: No. | H26: 4 | J26: =H26*I26 -> 0
A27: 2 | B27: 4 | C27: 2 | D27: 5.6 | E27: 110mm to 25mm dia HDPE | F27: 100% HDPE pipe | G27: No. | H27: 3 | J27: =H27*I27 -> 0
A28: 2 | B28: 4 | C28: 2 | D28: 5.7 | E28: 110mm to 75mm dia HDPE | F28: 100% HDPE pipe | G28: No. | H28: 4 | J28: =H28*I28 -> 0
E30: Tees
A31: 2 | B31: 4 | C31: 2 | D31: 5.8 | E31: 110x110x110mm dia HDPE | F31: 100% HDPE pipe | G31: No. | H31: 3 | J31: =H31*I31 -> 0
A32: 2 | B32: 4 | C32: 2 | D32: 5.9 | E32: 110x110x75mm dia HDPE | F32: 100% HDPE pipe | G32: No. | H32: 4 | J32: =H32*I32 -> 0
A33: 2 | B33: 4 | C33: 2 | D33: 5.1 | E33: 110x110x25mm dia HDPE | F33: 100% HDPE pipe | G33: No. | H33: 2 | J33: =H33*I33 -> 0
A34: 2
A35: 2 | B35: 4 | C35: 2 | D35: 6 | E35: Valves
E36: Supply, deliver and install the following complete:
A38: 2 | B38: 4 | C38: 2 | D38: 6.1 | E38: 110mm dia isolation valves | F38: 100% valves | G38: No. | H38: 15 | J38: =H38*I38 -> 0
A39: 2 | B39: 4 | C39: 2 | D39: 6.2 | E39: 65mm dia isolation valves | F39: 100% valves | G39: No. | H39: 1 | J39: =H39*I39 -> 0
A40: 2 | B40: 4 | C40: 2 | D40: 6.3 | E40: 25mm dia isolation valves | F40: 100% valves | G40: No. | H40: 3 | J40: =H40*I40 -> 0
A41: 2 | B41: 4 | C41: 2 | D41: 6.4 | E41: 110mm non-return valves | F41: 100% valves | G41: No. | H41: 3 | J41: =H41*I41 -> 0
A42: 2 | B42: 4 | C42: 2 | D42: 6.5 | E42: 110mm strainers | F42: 100% valves | G42: No. | H42: 2 | J42: =H42*I42 -> 0
A43: 2 | B43: 4 | C43: 2 | D43: 6.6 | E43: 110mm adjustable pressure reducing valve | F43: 100% valves | G43: No. | H43: 1 | J43: =H43*I43 -> 0
A44: 2
E48: Carry forward to summary | J48: =SUM(J17:J47) -> 0

Sheet DRAINAGE 
D1: PRASA: CENTURION STATION- MECHANICAL INSTALLATION - WET SERVICES
A3: PAGE NO | B3: SEC NO | C3: BILL NO | D3: Item | E3: Description | F3: LOCAL CONTENT THRESHOLD | G3: Unit | H3: Qty | I3: Rate | J3: Amount
E4: BILL 3 - BUILDING DRAINAGE RETICULATION | F4: 1
A6: 1 | B6: 4 | C6: 3 | E6: All pipes shall be deemed to include in the rates all necessary adaptors, couplers, brackets, reducers, expansion sockets, couplings necessary in joining of pipes and drilling of holes in the concrete slab and walls.
A8: 1 | B8: 4 | C8: 3 | D8: 1 | E8: Piping
E9: Supply, deliver and install soil and waste drainage piping. PVC pipe fixed vertically or horizontally on any structure i.e concrete or brick walls etc.
A11: 1 | B11: 4 | C11: 3 | D11: =D8+0.1 -> 1.1 | E11: 50mm PVC SV SABS pipes | F11: 100% PVC products | G11: m | H11: 50 | J11: =I11*H11 -> 0
A12: 1 | B12: 4 | C12: 3 | D12: =D11+0.1 -> 1.2 | E12: 110mm PVC SV SABS pipe | F12: 100% PVC products | G12: m | H12: 100 | J12: =I12*H12 -> 0
A14: 1 | B14: 4 | C14: 3 | D14: =D8+1 -> 2 | E14: Extra over pipework
E15: Supply, deliver and install soil and waste pipe fittings, junctions, bends, etc complete with rodding eye, pan connectors, branches, etc.
A17: 1 | B17: 4 | C17: 3 | D17: =D14+0.1 -> 2.1 | E17: 110mmx45˚ PVC UG L/Hand IE junction | F17: 100% PVC products | G17: No | H17: 20 | J17: =I17*H17 -> 0
A18: 1 | B18: 4 | C18: 3 | D18: =D17+0.1 -> 2.2 | E18: 110mmx45˚ PVC UG plain bend | F18: 100% PVC products | G18: No | H18: 20 | J18: =I18*H18 -> 0
A19: 1 | B19: 4 | C19: 3 | D19: =D18+0.1 -> 2.3 | E19: 110mmx45˚ R/Hand IE junction | F19: 100% PVC products | G19: No | H19: 10 | J19: =I19*H19 -> 0
A20: 1 | B20: 4 | C20: 3 | D20: =D19+0.1 -> 2.4 | E20: 110mmx45˚ ABC PVC UG IE end (RE) | F20: 100% PVC products | G20: No | H20: 8 | J20: =I20*H20 -> 0
A21: 1 | B21: 4 | C21: 3 | D21: =D20+0.1 -> 2.5 | E21: 110mm PVC P trap gully + overflow | F21: 100% PVC products | G21: No | H21: 33 | J21: =I21*H21 -> 0
A22: 1 | B22: 4 | C22: 3 | D22: =D21+0.1 -> 2.6 | E22: Dish gully tops | F22: 100% PVC products | G22: No | H22: 33 | J22: =I22*H22 -> 0
A23: 1 | B23: 4 | C23: 3 | D23: 2.7 | E23: 110mm PVC UG gully hopper heads | F23: 100% PVC products | G23: No | H23: 33 | J23: =I23*H23 -> 0
A24: 1 | B24: 4 | C24: 3 | D24: 2.8 | E24: 50mmx45˚ PVC SV IE bends | F24: 100% PVC products | G24: No | H24: 28 | J24: =I24*H24 -> 0
A25: 1 | B25: 4 | C25: 3 | D25: 2.9 | E25: 110mmx90˚ PVC UP plain bend | F25: 100% PVC products | G25: No | H25: 2 | J25: =I25*H25 -> 0
A26: 1 | B26: 4 | C26: 3 | D26: 2.1 | E26: 110mmx90˚ PVC SV IE bend | F26: 100% PVC products | G26: No | H26: 13 | J26: =I26*H26 -> 0
A27: 1 | B27: 4 | C27: 3 | D27: 2.11 | E27: 110mmx110mm PVC SV IE junction | F27: 100% PVC products | G27: No | H27: 3 | J27: =I27*H27 -> 0
A28: 1 | B28: 4 | C28: 3 | D28: 2.12 | E28: 110mm 2 way vent valve | F28: 100% PVC products | G28: No | H28: 9 | J28: =I28*H28 -> 0
A29: 1 | B29: 4 | C29: 3 | D29: 2.13 | E29: 110mmx50mm PVC SV horn bend | F29: 100% PVC products | G29: No | H29: 9 | J29: =I29*H29 -> 0
A30: 1 | B30: 4 | C30: 3 | D30: 2.14 | E30: 50mm 2 way vent valves | F30: 100% PVC products | G30: No | H30: 31 | J30: =I30*H30 -> 0
A31: 1 | B31: 4 | C31: 3 | D31: 2.15 | E31: 110mmx45˚ PVC UG plain junction | F31: 100% PVC products | G31: No | H31: 5 | J31: =I31*H31 -> 0
A32: 1 | B32: 4 | C32: 3 | D32: 2.16 | E32: 50mmx90˚ PVC SV plain junction | F32: 100% PVC products | G32: No | H32: 18 | J32: =I32*H32 -> 0
A33: 1 | B33: 4 | C33: 3 | D33: 2.17 | E33: 50mmx90˚ PVC SV plain bends | F33: 100% PVC products | G33: No | H33: 40 | J33: =I33*H33 -> 0
A34: 1 | B34: 4 | C34: 3 | D34: 2.18 | E34: 50mmx90˚ PVC SV IE bends | F34: 100% PVC products | G34: No | H34: 35 | J34: =I34*H34 -> 0
A35: 1 | B35: 4 | C35: 3 | D35: 2.19 | E35: 50mmx90˚ PVC SV IE junction | F35: 100% PVC products | G35: No | H35: 2 | J35: =I35*H35 -> 0
E37: Carry forward to summary | J37: =SUM(J11:J35) -> 0

Sheet MECH SUMMARY 
C1: PRASA: CENTURION STATION - MECHANICAL INSTALLATION - SUMMARY
A2: PAGE NO | B2: SEC NO | C2: Bill No | D2: Description | E2: Amount
A4: 1 | B4: 3 | C4: 1 | D4: ='HOT & COLD WATER '!E4 -> BILL 1 - HOT AND COLD WATER INSTALLATION | E4: ='HOT & COLD WATER '!J42 -> 0
A5: 1 | B5: 3 | C5: 2 | D5: ='FIRE PROTECTION '!E4 -> BILL 2 - FIRE PROTECTION | E5: ='FIRE PROTECTION '!J48 -> 0
A6: 1 | B6: 3 | C6: 3 | D6: BILL 3 - BUILDING DRAINAGE RETICULATION | E6: ='DRAINAGE '!J37 -> 0
D7: Total excluding VAT | E7: =SUM(E4:E6) -> 0
E8: =SUM(E4:E7) -> 0
D9: Total exci VAT | E9: =SUM(E4:E8) -> 0
D10: VAT 14% | E10: =SUM(E5:E9) -> 0
D11: TOTAL AMOUNT CARRIED TO FORM OF TENDER | E11: =SUM(E6:E10) -> 0
A14: 1 | B14: 4
A17: 1 | B17: 4
A18: 1 | B18: 4
A19: 1 | B19: 4
A20: 1 | B20: 4
A21: 1 | B21: 4
A22: 1 | B22: 4
A23: 1 | B23: 4
A24: 1 | B24: 4
A25: 1 | B25: 4
A26: 1 | B26: 4
A27: 1 | B27: 4
... A37: 1 | B37: 4
A38: 1
A39: 1 | B39: 4
A41: 1 | B41: 4

Sheet C PROV SUMS + FINAL SUMMARY 
I1: REFURBISHMENT OF TRAIN STATIONS FOR PRASA SUB CORRIDOR 1
I2: NGR/CRES/13/2021
I4: CENTURION STATION
A5: PAGE NO | B5: SEC NO | C5: BILL NO | D5: ITEM NO | E5: DESCRIPTION | F5: UNIT | G5: QUANTITY | H5: RATE | I5: AMOUNT
A8: 1 | B8: 5 | E8: FINAL SUMMARY
A12: 1 | B12: 5 | D12: 2 | E12: BUILDING WORK | I12: ='SECURITY OFFICE BUILDING'!I207+'ADMIN OFFICE'!I198+'SIGNAL RM, ENT & EXIT HOUSING'!I119+'PLATFORM WC & ENT_EXIT HOUSING'!I198+'MAINTENANCE WC'!I193+'MAIN BUILDING'!I202 -> 0
A14: 1 | B14: 5 | D14: 3 | E14: ELECTRICAL WORK | I14: ='Centurion Elec'!K200 -> 0
A16: 1 | B16: 5 | D16: 4 | E16: MECHANICAL WORK | I16: ='MECH SUMMARY '!E7 -> 0
A18: 1 | B18: 5 | E18: Sub-Total | I18: =SUM(I11:I17) -> 0
A20: 2 | B20: 5 | E20: Contingency @75% | I20: =I18*7.5% -> 0
A22: 2 | B22: 5 | E22: SUBTOTAL | F22: ST | I22: =I18+I20 -> 0
A24: 2 | B24: 5 | E24: Value Added Tax (15%) | F24: TAX | G24: 0.15 | I24: =I22*15% -> 0
A26: 2 | B26: 5 | E26: Total carried to form of tender | F26: ST | I26: =I22+I24 -> 0

Sheet Annex C
Q2: SATS 1286.2011
D3: Annex C
D5: Local Content Declaration - Summary Schedule
C7: (C1) | D7: Tender No. | P7: Note: VAT to be excluded from all calculations
C8: (C2) | D8: Tender description:
C9: (C3) | D9: Designated product(s)
C10: (C4) | D10: Tender Authority:
C11: (C5) | D11: Tendering Entity name:
C12: (C6) | D12: Tender Exchange Rate: | F12: Pula | H12: EU | J12: GBP
C13: (C7) | D13: Specified local content %
G14: Calculation of local content | N14: Tender summary
D15: Tender item no's | E15: List of items | G15: Tender price - each (excl VAT) | H15: Exempted imported value | I15: Tender value net of exempted imported content | J15: Imported value | K15: Local value | L15: Local content % (per item) | N15: Tender Qty | O15: Total tender value | P15: Total exempted imported content | Q15: Total Imported content
D16: (C8) | E16: (C9) | G16: (C10) | H16: (C11) | I16: (C12) | J16: (C13) | K16: (C14) | L16: (C15) | N16: (C16) | O16: (C17) | P16: (C18) | Q16: (C19)
E17: SECURITY BUILDING
E18: SECTION NO. 2
E19: BILL NO. 1
E20: ALTERATIONS, DEMOLITIONS, ETC.
D21: 19 | E21: Plaster on walls in patches. | N21: 387
D22: 20 | E22: Making good cement plaster on walls where tiles removed. | N22: 2.75
E23: SECTION NO. 2
E24: BILL NO. 3
E25: ROOF COVERING
D26: 1 | E26: Roof coverings, etc. | N26: 23
D27: 2 | E27: Roof coverings, etc. | N27: 23
D28: 3 | E28: Flashing | N28: 68
D29: 4 | E29: Ridge cappings. | N29: 122
E30: SECTION NO. 2
E31: BILL NO. 6
E32: IRONMONGERY
D33: 1 | E33: 100mm Butt hinges. | N33: 4
D34: 7 | E34: 150 x 150 x 3mm thick stainless steel pictogram sign with ""Toilet"" | N34: 4
D35: 10 | E35: 1,2/1,5mm thick satin finished stainless steel automatic hands free hand dryer size 280 x 207 x 245mm high with 2 vandal proof lock screws and key wrench, plugged and screwed to the wall with stainless steel screws, 200 W motor connected to 230/240 volt power supply. With 5 year warranty. | N35: 1
D36: 11 | E36: Stainless Steel Toilet Tissue Dispenser, overall size 130 x 135 x 256mm high, installed by a installation team. | N36: 1
D37: 12 | E37: Floor mounted door stop. | N37: 4
E38: SECTION NO. 2
E39: BILL NO. 7
E40: METALWORK
D41: 1 | E41: Frame for door size 813 x 2032mm high. | N41: 2
D42: 2 | E42: Frame for door size 813 x 2032mm high. | N42: 2
D43: 3 | E43: Steel windows with burglar bars | N43: 5
E44: SECTION NO. 2
E45: BILL NO. 8
E46: PLASTERING
D47: 2 | E47: Plaster on walls | N47: 143.344
D48: 3 | E48: In narrow widths. | N48: 9
D49: 4 | E49: Cut a 6mm wide x 15mm deep saw cut above and below the crack and plaster with 5:1 cement mortar to form a v-joint. | N49: 105
E50: ADMIN OFFICE
E51: SECTION NO. 2
E52: BILL NO. 1
E53: ALTERATIONS, DEMOLITIONS, ETC.
D54: 19 | E54: Plaster on walls in patches. | N54: 387
D55: 20 | E55: Making good cement plaster on walls where tiles removed. | N55: 2.75
E56: SECTION NO. 2
E57: BILL NO. 3
E58: ROOF COVERING
D59: 1 | E59: Roof coverings, etc. | N59: 75
D60: 2 | E60: Flashing | N60: 68
D61: 3 | E61: Ridge cappings. | N61: 198
E62: SECTION NO. 2
E63: BILL NO. 6
E64: IRONMONGERY
D65: 1 | E65: 100mm Butt hinges. | N65: 11
D66: 6 | E66: Standard overhead door closer in accordance with SABS 1510 with adjustable closing force strength 2-4, adjustable arm, etc. | N66: 2
D67: 7 | E67: 150 x 150 x 3mm thick stainless steel pictogram sign with ""Toilet"" | N67: 2
D68: 8 | E68: 1,2/1,5mm thick satin finished stainless steel automatic hands free hand dryer size 280 x 207 x 245mm high with 2 vandal proof lock screws and key wrench, plugged and screwed to the wall with stainless steel screws, 200 W motor connected to 230/240 volt power supply. With 5 year warranty. | N68: 2
D69: 9 | E69: Stainless Steel Toilet Tissue Dispenser, overall size 130 x 135 x 256mm high, installed by a installation team. | N69: 2
D70: 10 | E70: Floor mounted door stop. | N70: 11
E71: SECTION NO. 2
E72: BILL NO. 7
E73: METALWORK
D74: 1 | E74: Frame for door size 813 x 2032mm high. | N74: 9
D75: 2 | E75: Frame for door size 813 x 2032mm high. | N75: 2
D76: 3 | E76: Steel windows with burglar bars | N76: 9
D77: 4 | E77: Allow the amount of R 10,000.00 metalwork not specified. This work shall be measured on completion and priced at rates rates. | N77: 1
E78: SECTION NO. 2
E79: BILL NO. 7
E80: METALWORK
D81: 2 | E81: Plaster on walls | N81: 387
D82: 3 | E82: In narrow widths. | N82: 11
D83: 4 | E83: Cut a 6mm wide x 15mm deep saw cut above and below the crack and plaster with 5:1 cement mortar to form a v-joint. | N83: 152
E84: SIGNAL RM, ENT & EXIT HOUSING 2
E85: SECTION NO. 2
E86: BILL NO. 1
E87: ALTERATIONS, DEMOLITIONS, ETC.
D88: 11 | E88: Plaster on walls in patches. | N88: 235
D89: 12 | E89: Making good cement plaster on walls where tiles removed. | N89: 0.2
E90: SECTION NO. 2
E91: BILL NO. 4
E92: IRONMONGERY
D93: 1 | E93: 100mm Butt hinges. | N93: 3
D94: 6 | E94: Floor mounted door stop. | N94: 3
E95: SECTION NO. 2
E96: BILL NO. 5
E97: METALWORK
D98: 1 | E98: Frame for door size 813 x 2032mm high. | N98: 1
D99: 2 | E99: Frame for door size 813 x 2032mm high. | N99: 2
E100: SECTION NO. 2
E101: BILL NO. 6
E102: PLASTERING
D103: 2 | E103: Plaster on walls | N103: 235
...

Sheet Sheet1

Sheet Annex D
P2: SATS 1286.2011
C3: Annex D
C5: Imported Content Declaration - Supporting Schedule to Annex C
B7: (D1) | C7: Tender No. | K7: Note: VAT to be excluded from all calculations
B8: (D2) | C8: Tender description:
B9: (D3) | C9: Designated Products:
B10: (D4) | C10: Tender Authority:
B11: (D5) | C11: Tendering Entity name:
B12: (D6) | C12: Tender Exchange Rate: | E12: Pula | G12: EU | H12: 9 | I12: GBP | J12: 12
C14: A. Exempted imported content | H14: Calculation of imported content | O14: Summary
C15: Tender item no's | D15: Description of imported content | F15: Local supplier | G15: Overseas Supplier | H15: Forign currency value as per Commercial Invoice | I15: Tender Exchange Rate | J15: Local value of imports | K15: Freight costs to port of entry | L15: All locally incurred landing costs & duties | M15: Total landed cost excl VAT | O15: Tender Qty | P15: Exempted imported value
C16: (D7) | D16: (D8) | F16: (D9) | G16: (D10) | H16: (D11) | I16: (D12) | J16: (D13) | K16: (D14) | L16: (D15) | M16: (D16) | O16: (D17) | P16: (D18)
O20: (D19) Total exempt imported value | P20: =SUM(P17:P18) -> 0
N21: This total must correspond with Annex C - C 21
C24: B. Imported directly by the Tenderer | H24: Calculation of imported content | O24: Summary
C25: Tender item no's | D25: Description of imported content | F25: Unit of measure | G25: Overseas Supplier | H25: Forign currency value as per Commercial Invoice | I25: Tender Rate of Exchange | J25: Local value of imports | K25: Freight costs to port of entry | L25: All locally incurred landing costs & duties | M25: Total landed cost excl VAT | O25: Tender Qty | P25: Total imported value
C26: (D20) | D26: (D21) | F26: (D22) | G26: (D23) | H26: (D24) | I26: (D25) | J26: (D26) | K26: (D27) | L26: (D28) | M26: (D29) | O26: (D30) | P26: (D31)
D34: `
O35: (D32)Total imported value by tenderer | P35: =SUM(P27:P34) -> 0
C37: C. Imported by a 3rd party and supplied to the Tenderer | H37: Calculation of imported content | O37: Summary
C38: Description of imported content | E38: Unit of measure | F38: Local supplier | G38: Overseas Supplier | H38: Forign currency value as per Commercial Invoice | I38: Tender Rate of Exchange | J38: Local value of imports | K38: Freight costs to port of entry | L38: All locally incurred landing costs & duties | M38: Total landed cost excl VAT | O38: Quantity imported | P38: Total imported value
C39: (D33) | E39: (D34) | F39: (D35) | G39: (D36) | H39: (D37) | I39: (D38) | J39: (D39) | K39: (D40) | L39: (D41) | M39: (D42) | O39: (D43) | P39: (D44)
C45: `
O46: (D45) Total imported value by 3rd party | P46: =SUM(P40:P45) -> 0
C48: D. Other foreign currency payments | G48: Calculation of foreign currency payments | P48: Summary of payments
C49: Type of payment | E49: Local supplier making the payment | F49: Overseas beneficiary | G49: Foreign currency value paid | H49: Tender Rate of Exchange | P49: Local value of payments
C50: (D46) | E50: (D47) | F50: (D48) | G50: (D49) | H50: (D50) | P50: (D51)
O55: (D52) Total of foreign currency payments declared by tenderer and/or 3rd party
C56: Signature of tenderer from Annex B
O57: (D53) Total of imported content & foreign currency payments - (D32), (D45) & (D52) above | P57: =+P35+P46+P55 -> 0
N58: This total must correspond with Annex C - C 23
C59: Date:

Sheet Annex E
I2: SATS 1286.2011
C3: Annex E
C5: Local Content Declaration - Supporting Schedule to Annex C
B7: (E1) | C7: Tender No. | H7: Note: VAT to be excluded from all calculations
B8: (E2) | C8: Tender description:
B9: (E3) | C9: Designated products:
B10: (E4) | C10: Tender Authority:
B11: (E5) | C11: Tendering Entity name:
D14: Local Products (Goods, Services and Works) | E14: Description of items purchased | H14: Local suppliers | I14: Value | J14: % of LC
E15: (E6) | H15: (E7) | I15: (E8)
H28: (E9) Total local products (Goods, Services and Works) | I28: =SUM(I16:I27) -> 0
C30: (E10) | D30: Manpower costs | E30: ( Tenderer's manpower cost) | I30: 0
C32: (E11) | D32: Factory overheads | E32: (Rental, depreciation & amortisation, utility costs, consumables etc.) | I32: 0
C34: (E12) | D34: Administration overheads and mark-up | F34: (Marketing, insurance, financing, interest etc.) | I34: 0
H36: (E13) Total local content | I36: 0
H37: This total must correspond with Annex C - C24
C39: Signature of tenderer from Annex B
C43: Date:
